 Dungeon Crawl Stone Soup version 0.30-a0-358-g0d69a1922f (webtiles) character file.

Game seed: 13411239688977118714

1477568 sleeves the Hoplite (level 27, 170/170 HPs)
             Began as a Tengu Fighter on Nov 8, 2022.
             Was an Initiate of Gozag.
             Escaped with the Orb
             ... and 3 runes on Nov 9, 2022!
             The game lasted 02:48:43 (91078 turns).

sleeves the Hoplite (Tengu Fighter)                Turns: 91078, Time: 02:48:43

Health: 170/170    AC: 39    Str: 29    XL:     27
Magic:  19/19      EV: 27    Int: 15    God:    Gozag
Gold:   4779       SH: 34    Dex: 24    Spells: 26/26 levels left

rFire   + + +      SeeInvis +    p - +11 falchion of Ohoimoun {freeze, *Corrode rElec Dex+6 SInv}
rCold   . . .      Faith    .    a - +7 tower shield of Xyimmus {Regen+ SInv}
rNeg    + . .      Spirit   .    c - +9 gold dragon scales
rPois   +          Reflect  .    J - +0 mask of the Dragon {Will+ Slay+3 SInv}
rElec   +          Harm     .    B - +0 cloak of Ecohiwib {Will+ rCorr Dex+2}
rCorr   +          Rampage  .    H - +1 pair of gloves "Saempuny" {rF++ Dex-5}
Will    +++++                    (boots unavailable)
Stlth   ..........               q - amulet of regeneration
HPRegen 2.08/turn                C - ring "Utosuma" {Contam rF+ Str+6 Int+6 Slay+3}
MPRegen 0.16/turn                e - ring "Fawulem" {rElec rC- rN+ Will+ Slay+2}

@: flying quickly and evasively, studying Invocations, bribing [the Dungeon, the
Realm of Zot, the Depths], quick
A: beak, talons 3, nimble flight, deterioration 2, frail 1, low MP 2, heat
vulnerability 1, inability to drink after injury 1
0: Orb of Zot
}: 3/15 runes: serpentine, barnacled, silver
a: Renounce Religion, Potion Petition, Call Merchant, Bribe Branch


You escaped.
You worshipped Gozag.
Gozag was most pleased with you.
You visited 10 branches of the dungeon, and saw 48 of its levels.
You visited the Abyss 1 time.
You also visited: Trove, Ice Cave and Wizlab.

You collected 31061 gold pieces.
You spent 5000 gold pieces at shops.
You paid 21282 gold pieces to Gozag.

Inventory:

Hand Weapons
 p - the +11 falchion of Ohoimoun (weapon) {freeze, *Corrode rElec Dex+6 SInv}
   (You bought it in a shop on level 15 of the Dungeon)

   It freezes those it strikes, dealing additional cold damage.
   It can also slow down cold-blooded creatures.
   Dex:       It affects your dexterity (+6).
   rElec:     It insulates you from electricity.
   SInv:      It lets you see invisible.
   *Corrode:  It may corrode you when you take damage.
 z - a +1 double sword of flaming
   (You took it off Donald on level 1 of the Vaults)
 E - the +6 scimitar "Impbane" {vorpal, rC+ Dex+2}
   (You took it off a deep elf sorcerer on level 3 of the Elven Halls)

   It inflicts extra damage upon your enemies.
   Dex:       It affects your dexterity (+2).
   rC:        It protects you from cold.
Missiles
 x - 5 throwing nets (quivered)
Armour
 a - the +7 tower shield of Xyimmus (worn) {Regen+ SInv}
   (You found it in a treasure trove)

   SInv:      It lets you see invisible.
   Regen:     It increases your rate of health regeneration.
 c - +9 gold dragon scales (worn)
   (You took it off Parghit on level 3 of the Depths)
 B - the +0 cloak of Ecohiwib (worn) {Will+ rCorr Dex+2}
   (You found it in a treasure trove)

   Dex:       It affects your dexterity (+2).
   rCorr:     It protects you from acid and corrosion.
   Will:      It increases your willpower.
 F - the +0 pair of gloves of the Thistle {rElec rC+}
   (You found it on level 3 of the Elven Halls)

   rC:        It protects you from cold.
   rElec:     It insulates you from electricity.
 H - the +1 pair of gloves "Saempuny" (worn) {rF++ Dex-5}
   (You found it in a treasure trove)

   Dex:       It affects your dexterity (-5).
   rF:        It greatly protects you from fire.
 J - the +0 mask of the Dragon (worn) {Will+ Slay+3 SInv}
   (You bought it in a shop on level 3 of the Elven Halls)

   Slay:      It affects your accuracy & damage with ranged weapons and melee
   (+3).
   SInv:      It lets you see invisible.
   Will:      It increases your willpower.
 V - a +9 crystal plate armour of cold resistance
   (You found it in an ice cave)
Jewellery
 e - the ring "Fawulem" (right hand) {rElec rC- rN+ Will+ Slay+2}
   (You found it on level 2 of the Orcish Mines)

   [ring of willpower]

   Slay:      It affects your accuracy & damage with ranged weapons and melee
   (+2).
   rC:        It makes you vulnerable to cold.
   rElec:     It insulates you from electricity.
   rN:        It protects you from negative energy.
   Will:      It increases your willpower.
 q - an amulet of regeneration (around neck)
   (You took it off a deep elf sorcerer on level 3 of the Elven Halls)
 s - the ring of Vykaska {rN+ Will+ Str+6 Dex+3}
   (You found it on level 4 of the Shoals)

   [ring of willpower]

   Str:       It affects your strength (+6).
   Dex:       It affects your dexterity (+3).
   rN:        It protects you from negative energy.
   Will:      It increases your willpower.
 C - the ring "Utosuma" (left hand) {Contam rF+ Str+6 Int+6 Slay+3}
   (You bought it in a shop on level 3 of the Snake Pit)

   [ring of strength]

   Str:       It affects your strength (+6).
   Int:       It affects your intelligence (+6).
   Slay:      It affects your accuracy & damage with ranged weapons and melee
   (+3).
   rF:        It protects you from fire.
   Contam:    It causes magical contamination when unequipped.
 D - the ring "Orucegih" {rC+ rN+ rCorr}
   (You took it off a fire giant on level 5 of the Vaults)

   [ring of resist corrosion]

   rC:        It protects you from cold.
   rN:        It protects you from negative energy.
   rCorr:     It protects you from acid and corrosion.
 N - the ring "Weonwiac" {rPois rCorr Str-3 Int+6}
   (You found it in a wizard's laboratory)

   [ring of intelligence]

   Str:       It affects your strength (-3).
   Int:       It affects your intelligence (+6).
   rPois:     It protects you from poison.
   rCorr:     It protects you from acid and corrosion.
 S - the ring of Greed {rF+ Str+3 Int+6}
   (You bought it in a shop on level 15 of the Dungeon)

   [ring of intelligence]

   Str:       It affects your strength (+3).
   Int:       It affects your intelligence (+6).
   rF:        It protects you from fire.
 X - the ring of Foilet {Wiz rPois}
   (You took it off a draconian annihilator on level 2 of the Realm of Zot)

   [ring of wizardry]

   It improves your spell success rate.
   rPois:     It protects you from poison.
Wands
 d - a wand of charming (6)
   (You found it on level 2 of the Realm of Zot)
 k - a wand of digging (11)
   (You found it on level 3 of the Lair of Beasts)
 t - a wand of quicksilver (23)
   (You found it on level 4 of the Dungeon)
 Y - a wand of iceblast (8)
   (You found it on level 1 of the Lair of Beasts)
Scrolls
 f - 21 scrolls of teleportation
 g - 8 scrolls of amnesia
 m - 12 scrolls of blinking
 n - 5 scrolls of fear
 o - 8 scrolls of poison
 r - 10 scrolls of immolation
 u - 11 scrolls of magic mapping
 v - 3 scrolls of torment
 G - 5 scrolls of enchant weapon
 L - 2 scrolls of summoning
 R - 7 scrolls of brand weapon
 T - 5 scrolls of vulnerability
 Z - 6 scrolls of fog
Potions
 b - 15 potions of lignification
 i - 18 potions of curing
 j - 12 potions of heal wounds
 l - 9 potions of mutation
 w - 3 potions of resistance
 I - 6 potions of magic
 K - a potion of cancellation
 O - 5 potions of haste
 P - 21 potions of ambrosia
 Q - 3 potions of invisibility
 U - 10 potions of brilliance
 W - 2 potions of berserk rage
Miscellaneous
 h - a condenser vane
   (You found it in a wizard's laboratory)
 y - a lightning rod (4/4)
   (You found it on level 3 of the Elven Halls)
 A - a phial of floods
   (You found it on level 3 of the Vaults)
 M - a phantom mirror
   (You found it on level 7 of the Dungeon)


   Skills:
 + Level 23.8 Fighting
 - Level 20.0 Long Blades
 + Level 24.4 Armour
 + Level 24.4 Dodging
 - Level 25.3 Shields


You had 26 spell levels left.
You didn't know any spells.
Your spell library contained the following spells:

 Spells                   Type           Power      Damage    Failure   Level
 Foxfire                  Conj/Fire      0%         2x1d4     92%         1
 Freeze                   Ice            0%         1d3       92%         1
 Kiss of Death            Conj/Necr      0%         2d5       92%         1
 Magic Dart               Conj           0%         1d3       92%         1
 Sandblast                Erth           0%         2d4       92%         1
 Shock                    Conj/Air       0%         1d3       92%         1
 Slow                     Hex            0%         N/A       92%         1
 Summon Small Mammal      Summ           0%         N/A       92%         1
 Blink                    Tloc           0%         N/A       98%         2
 Cigotuvi's Dreadful Rot  Necr/Pois/Air  0%         N/A       98%         2
 Momentum Strike          Conj/Tloc      0%         3d8       98%         2
 Searing Ray              Conj           0%         2d4       98%         2
 Static Discharge         Conj/Air       0%         2-2/arc   98%         2
 Sublimation of Blood     Necr           0%         N/A       98%         2
 Wereblood                Tmut           0%         N/A       98%         2
 Call Canine Familiar     Summ           0%         N/A       100%        3
 Confusing Touch          Hex            0%         N/A       100%        3
 Dazzling Flash           Conj/Hex       0%         N/A       100%        3
 Frozen Ramparts          Ice            0%         1d1       100%        3
 Hailstorm                Conj/Ice       0%         3d3       100%        3
 Inner Flame              Hex/Fire       0%         N/A       100%        3
 Kindle Blastsparks       Fire/Tloc/Air  0%         2d10      100%        3
 Lesser Beckoning         Tloc           0%         N/A       100%        3
 Mephitic Cloud           Conj/Pois/Air  0%         N/A       100%        3
 Ozocubu's Armour         Ice            0%         N/A       100%        3
 Portal Projectile        Hex/Tloc       0%         N/A       100%        3
 Summon Guardian Golem    Hex/Summ       0%         N/A       100%        3
 Swiftness                Air            0%         N/A       100%        3
 Tukima's Dance           Hex            0%         N/A       100%        3
 Vampiric Draining        Necr           0%         2d6       100%        3
 Vhi's Electric Charge    Tloc/Air       0%         N/A       100%        3
 Airstrike                Air            0%         2d(0-16)  100%        4
 Anguish                  Hex/Necr       0%         N/A       100%        4
 Animate Armour           Summ/Erth      0%         N/A       100%        4
 Cause Fear               Hex            0%         N/A       100%        4
 Dispel Undead            Necr           0%         3d6       100%        4
 Flame Wave               Conj/Fire      0%         2d4       100%        4
 Fulminant Prism          Conj/Hex       0%         3d5       100%        4
 Ice Form                 Ice/Tmut       0%         N/A       100%        4
 Iskenderun's Mystic Bla  Conj/Tloc      0%         2d3       100%        4
 Leda's Liquefaction      Hex/Erth       0%         N/A       100%        4
 Manifold Assault         Tloc           0%         N/A       100%        4
 Olgreb's Toxic Radiance  Pois           0%         N/A       100%        4
 Passage of Golubria      Tloc           0%         N/A       100%        4
 Petrify                  Tmut/Erth      0%         N/A       100%        4
 Sticky Flame             Conj/Fire      0%         2d3       100%        4
 Summon Ice Beast         Ice/Summ       0%         N/A       100%        4
 Agony                    Necr           0%         N/A       100%        5
 Alistair's Intoxication  Tmut/Pois      0%         N/A       100%        5
 Arcjolt                  Conj/Air       0%         1d10      100%        5
 Blade Hands              Tmut           0%         N/A       100%        5
 Borgnjor's Vile Clutch   Necr/Erth      0%         N/A       100%        5
 Fireball                 Conj/Fire      0%         3d3       100%        5
 Iskenderun's Battlesphe  Conj           0%         2d6       100%        5
 Lee's Rapid Deconstruct  Erth           0%         3d4*      100%        5
 Lightning Bolt           Conj/Air       0%         1d11      100%        5
 Metabolic Englaciation   Hex/Ice        0%         N/A       100%        5
 Silence                  Hex/Air        0%         N/A       100%        5
 Summon Forest            Summ/Tloc      0%         N/A       100%        5
 Yara's Violent Unravell  Hex/Tmut       0%         3d3       100%        5
 Conjure Ball Lightning   Conj/Air       0%         3x3d6     100%        6
 Death Channel            Necr           0%         N/A       100%        6
 Eringya's Noxious Bog    Tmut/Pois      0%         N/A       100%        6
 Iron Shot                Conj/Erth      0%         9d1       100%        6
 Starburst                Conj/Fire      0%         6d3       100%        6
 Statue Form              Tmut/Erth      0%         N/A       100%        6
 Dragon Form              Tmut           0%         N/A       100%        7
 Enfeeble                 Hex            0%         N/A       100%        7
 Monstrous Menagerie      Summ           0%         N/A       100%        7
 Orb of Destruction       Conj           0%         9d5       100%        7
 Ozocubu's Refrigeration  Ice            0%         4d7       100%        7
 Spellforged Servitor     Conj/Summ      0%         N/A       100%        7
 Storm Form               Tmut/Air       0%         N/A       100%        7
 Summon Hydra             Summ           0%         N/A       100%        7
 Discord                  Hex            0%         N/A       100%        8
 Disjunction              Tloc           0%         N/A       100%        8
 Ignition                 Fire           0%         3d3       100%        8
 Maxwell's Capacitive Co  Air            0%         ∞         100%        8
 Necromutation            Tmut/Necr      0%         N/A       100%        8
 Summon Horrible Things   Summ           0%         N/A       100%        8
 Dragon's Call            Summ           0%         N/A       100%        9
 Shatter                  Erth           0%         3d5*      100%        9
 Animate Dead             Necr           Unusable   N/A       N/A         4
 Simulacrum               Ice/Necr       Unusable   N/A       N/A         6

Dungeon Overview and Level Annotations

Branches:
Dungeon (15/15)            Temple (1/1) D:5            Lair (5/5) D:8
 Shoals (4/4) Lair:2        Snake (4/4) Lair:2        Slime (0/5) Lair:4
    Orc (2/2) D:11            Elf (3/3) Orc:2        Vaults (5/5) D:13
  Crypt (0/3) Vaults:3     Depths (4/4) D:15            Zot (5/5) Depths:4
  IceCv (visited)          WizLab (visited)

Altars:
Ashenzari
Cheibriados
Dithmenos
Elyvilon
Fedhas
Gozag
Hepliaklqana
Kikubaaqudgha
Makhleb
Nemelex Xobeh
Okawaru
Qazlal
Ru
Sif Muna
Trog
Uskayaw
Vehumet
Wu Jian
Xom
Yredelemnul
Zin
The Shining One
Lugonu

Shops:
D:1 *   D:12 (   D:15 (*??**((   Orc:2 :(!*   Elf:3 *   Shoals:1 ?
Snake:3 =:=   Snake:4 **(**!!*   Vaults:1 (   Vaults:2 :   Vaults:4 [
Vaults:5 !   Depths:1 *   Depths:2 (

Portals:
Hell: Depths:1 Depths:2 Depths:3 Depths:4
Abyss: Depths:3
Pandemonium: Depths:1 Depths:2 Depths:3 Depths:4
Ziggurat: Depths:4

Annotations:
D:9 exclusion: statue
D:10 2 transporters
D:13 exclusion: ice statue
D:14 2 runed translucent doors, Mostra's ghost, journeyman DjFE
Shoals:3 6 transporters
Snake:4 Roxanne
Elf:1 4 transporters
Elf:2 3 runed translucent doors
Elf:3 1 exclusion
Zot:4 2 transporters


Innate Abilities, Weirdness & Mutations

You have a beak for a mouth.
You have claws for feet.
Your magical nature lets you fly swiftly and evasively.
Your body often deteriorates upon taking damage.
You are frail. (-10% HP)
Your magical capacity is very low. (-20% MP)
You are vulnerable to heat. (rF-)
You occasionally lose the ability to drink potions when taking damage.


Message History

Your corrosive artefact corrodes you!
The fireball engulfs the orb of fire.
The orb of fire completely resists.
The fireball engulfs your orb of fire.
Your orb of fire completely resists.
You hit the orb of fire. You freeze the orb of fire.
Your kick misses the orb of fire.
You peck the orb of fire, but do no damage.
The orb of fire is lightly damaged.
You closely miss the orb of fire.
You claw the orb of fire, but do no damage.
The orb of fire is lightly damaged.
You barely miss the orb of fire.
You claw the orb of fire, but do no damage.
You peck the orb of fire.
The orb of fire is lightly damaged.
You slash the orb of fire! You freeze the orb of fire.
You claw the orb of fire, but do no damage.
Your peck misses the orb of fire.
The orb of fire is moderately damaged.
You hit the orb of fire. You freeze the orb of fire. You claw the orb of fire!
You peck the orb of fire.
The orb of fire is moderately damaged.
The moth of wrath is no longer distracted by gold.
The orb of fire disappears!
The orb of fire reappears nearby!
The electric golem hurls lightning at you.
The bolt of lightning misses the orb of fire.
The bolt of lightning hits you! You resist.
You closely miss the orb of fire. Your kick misses the orb of fire.
You peck the orb of fire!
The orb of fire is heavily damaged.
You slice the orb of fire!! You freeze the orb of fire.
You claw the orb of fire, but do no damage.
The orb of fire is heavily damaged.
The electric golem blinks!
You hit the orb of fire. You freeze the orb of fire.
Your kick misses the orb of fire.
The orb of fire is severely damaged.
You slash the orb of fire! You freeze the orb of fire.
You claw the orb of fire!
You peck the orb of fire, but do no damage.
The orb of fire is severely damaged.
Your orb of fire glows yellow.
The fireball explodes!
The fireball engulfs the orb of fire.
The orb of fire completely resists.
The fireball engulfs your orb of fire.
Your orb of fire completely resists.
The fireball engulfs you! You resist.
The fireball engulfs the moth of wrath!!!
The electric golem crackles and sizzles.
You hit the orb of fire but do no damage.
You claw the orb of fire.
The orb of fire is severely damaged.
You barely miss the orb of fire. Your kick misses the orb of fire.
The orb of fire is severely damaged.
The orb of fire glows deep purple.
The fireball explodes!
The fireball engulfs the moth of wrath!!!
The moth of wrath dies!
The fireball engulfs the orb of fire.
The orb of fire completely resists.
The fireball engulfs the orb of fire.
The orb of fire completely resists.
The fireball engulfs the electric golem!
The electric golem resists.
You catch the helpless orb of fire completely off-guard!
You hit the orb of fire but do no damage.
Your kick misses the orb of fire.
You peck the orb of fire, but do no damage.
The orb of fire is severely damaged.
The orb of fire emits a lurid red light.
The fireball explodes!
The fireball engulfs the electric golem!!!
The electric golem resists.
The fireball engulfs the orb of fire.
The orb of fire completely resists.
The fireball engulfs the orb of fire.
The orb of fire completely resists.
You barely miss the orb of fire.
You claw the orb of fire, but do no damage.
You peck the orb of fire, but do no damage.
The orb of fire is severely damaged.
The orb of fire glows deep purple.
The bolt of fire hits the electric golem!!
The electric golem resists.
The bolt of fire hits the orb of fire.
The orb of fire completely resists.
The bolt of fire misses you.
You hit the orb of fire but do no damage.
You claw the orb of fire, but do no damage.
The orb of fire is severely damaged.
The orb of fire glows red.
The bolt of fire hits you! You resist.
The electric golem crackles and sizzles.
The electric golem misses the orb of fire.
The electric golem closely misses the orb of fire.
The electric golem misses the orb of fire.
The electric golem closely misses the orb of fire.
You slice the orb of fire!! You freeze the orb of fire.
Your kick misses the orb of fire.
The orb of fire is almost destroyed.
The electric golem misses the orb of fire.
The electric golem hits the orb of fire!
The electric golem shocks the orb of fire.
The orb of fire completely resists.
The electric golem hits the orb of fire but does no damage.
The electric golem closely misses the orb of fire.
You slash the orb of fire! You freeze the orb of fire.
You claw the orb of fire.
The orb of fire is almost destroyed.
The orb of fire glows red.
Strange energies course through your body.
You feel your body start to fall apart.
The electric golem closely misses the orb of fire. x2
The electric golem misses the orb of fire.
The electric golem closely misses the orb of fire.
You hit the orb of fire. You claw the orb of fire.
You destroy the orb of fire!
The electric golem misses the orb of fire.
The electric golem barely misses the orb of fire.
The electric golem hits the orb of fire but does no damage.
The electric golem hits the orb of fire!
You swap places.
The electric golem hits the orb of fire but does no damage.
The electric golem hits the orb of fire.
The electric golem shocks the orb of fire.
The orb of fire completely resists.
The electric golem closely misses the orb of fire.
The electric golem hits the orb of fire but does no damage.
The electric golem blinks!
Things that are here:
39 gold pieces; a +10 club The electric golem completely misses your orb of fire. x3
The electric golem closely misses your orb of fire.
You see here 6 gold pieces.
You are no longer corroded.
Your orb of fire emits a lurid red light.
The bolt of fire hits the electric golem!!!
The electric golem resists.
The electric golem hits your orb of fire but does no damage.
The electric golem closely misses your orb of fire.
The electric golem hits your orb of fire but does no damage.
The electric golem completely misses your orb of fire.
The electric golem hits your orb of fire but does no damage. x2
The electric golem hits your orb of fire!
The electric golem hits your orb of fire but does no damage.
The orb of fire glows bright magenta.
The fireball explodes!
The fireball engulfs your orb of fire.
Your orb of fire completely resists.
The fireball engulfs the electric golem!
The electric golem resists.
The electric golem misses your orb of fire. x2
The electric golem hits your orb of fire.
The electric golem hits your orb of fire but does no damage.
The electric golem hits your orb of fire!
The electric golem shocks your orb of fire.
Your orb of fire completely resists.
The electric golem closely misses your orb of fire.
The electric golem hits your orb of fire but does no damage. x2
The electric golem hits your orb of fire!
The electric golem shocks your orb of fire.
Your orb of fire completely resists.
The electric golem barely misses your orb of fire.
The electric golem hits your orb of fire but does no damage.
The electric golem misses your orb of fire.
Your orb of fire glows yellow.
The bolt of fire misses the electric golem.
An Orb Guardian comes into view.
Something hits your orb of fire but does no damage.
Something hits your orb of fire. Something shocks your orb of fire.
Your orb of fire completely resists.
Something hits your orb of fire!
Something completely misses your orb of fire.
The electric golem hurls lightning at the orb of fire.
The bolt of lightning hits your orb of fire.
Your orb of fire completely resists.
The bolt of lightning misses the orb of fire.
The bolt of lightning hits you. You resist.
The electric golem hurls lightning at the orb of fire.
The bolt of lightning hits your orb of fire.
Your orb of fire completely resists.
The bolt of lightning misses the orb of fire.
The bolt of lightning misses you.
The orb of fire is distracted by your dazzling golden aura.
The electric golem misses your orb of fire.
The electric golem hits your orb of fire!
The electric golem shocks your orb of fire.
Your orb of fire completely resists.
The electric golem barely misses your orb of fire. x2
The electric golem hits your orb of fire!
The electric golem shocks your orb of fire.
Your orb of fire completely resists.
The electric golem hits your orb of fire but does no damage.
The electric golem hits your orb of fire.
The electric golem barely misses your orb of fire.
The electric golem hurls lightning at the orb of fire.
The bolt of lightning hits your orb of fire.
Your orb of fire completely resists.
The bolt of lightning hits the orb of fire.
The orb of fire completely resists.
The orb of fire is no longer distracted by gold.
The bolt of lightning hits you. You resist.
You hear a shout!
Your orb of fire glows red.
The fireball explodes!
The fireball engulfs the electric golem!!!
The electric golem resists.
The electric golem is destroyed!
The fireball engulfs your orb of fire.
Your orb of fire completely resists.
You block the Orb Guardian's attack.
You slash the Orb Guardian! You freeze the Orb Guardian.
You claw the Orb Guardian. You peck the Orb Guardian.
The Orb Guardian is moderately wounded.
You block the Orb Guardian's attack.
You open the Orb Guardian like a pillowcase!!!
You freeze the Orb Guardian! You claw the Orb Guardian.
You kill the Orb Guardian!
You see here 20 gold pieces.
An Orb Guardian comes into view.
You hit the Orb Guardian. You freeze the Orb Guardian.
You claw the Orb Guardian.
The Orb Guardian is lightly wounded.
You block the Orb Guardian's attack.
You barely miss the Orb Guardian. You claw the Orb Guardian!
You peck the Orb Guardian.
The Orb Guardian is lightly wounded.
You block the Orb Guardian's attack.
You slash the Orb Guardian! You freeze the Orb Guardian.
You claw the Orb Guardian. You peck the Orb Guardian!
The Orb Guardian is heavily wounded.
You block the Orb Guardian's attack.
You slice the Orb Guardian!! You freeze the Orb Guardian.
Your kick misses the Orb Guardian.
The Orb Guardian is almost dead.
You block the Orb Guardian's attack.
You slash the Orb Guardian! You freeze the Orb Guardian.
You kill the Orb Guardian!
No target in view!
You see here 6 gold pieces.
The orb of fire refuses to make way for you. (Use ctrl+direction or * direction to attack.)
The orb of fire refuses to make way for you. (Use ctrl+direction or * direction to attack.) Unknown command.
The orb of fire is distracted by your dazzling golden aura.
The orb of fire is no longer distracted by gold.
A dread lich comes into view.
You see here 23 gold pieces.
You slice the dread lich!! You freeze the dread lich.
You claw the dread lich, but do no damage.
The dread lich is moderately damaged.
You slice the dread lich!! You claw the dread lich!
Your peck misses the dread lich.
The dread lich is heavily damaged.
The dread lich mumbles some strange words.
You closely miss the dread lich. You claw the dread lich!
You peck the dread lich, but do no damage.
The dread lich is severely damaged.
The dread lich mumbles some strange words.
You hit the dread lich. You claw the dread lich!
Your peck misses the dread lich.
The dread lich is severely damaged.
You block the cacodemon's attack.
The cacodemon hits you but does no damage.
You hit the dread lich. You peck the dread lich.
The dread lich is almost destroyed.
You block the dread lich's attack.
The Ice Fiend calls on the powers of darkness!
Your body is wracked with pain!
You block the cacodemon's attack.
The cacodemon hits you but does no damage.
You are too injured to fight recklessly!
You are too injured to fight recklessly!
You hit the dread lich.
You claw the dread lich, but do no damage.
The dread lich is almost destroyed.
You slash the dread lich! You freeze the dread lich.
You destroy the dread lich!
The cacodemon disappears in a puff of smoke!
The Ice Fiend disappears in a puff of smoke!
Found a scale mail.
An Orb Guardian comes into view.
You see here 8 gold pieces.
You see here 23 gold pieces.
You are too injured to fight recklessly!
You are too injured to fight recklessly!
You are too injured to fight recklessly!
You are too injured to fight recklessly!
You are too injured to fight recklessly!
You are too injured to fight recklessly!
Found a mace.
You block the Orb Guardian's attack. x2
You slash the Orb Guardian! You freeze the Orb Guardian.
You claw the Orb Guardian. You peck the Orb Guardian.
The Orb Guardian is moderately wounded.
You block the Orb Guardian's attack.
You slice the Orb Guardian!! You freeze the Orb Guardian!
You claw the Orb Guardian, but do no damage.
The Orb Guardian is severely wounded.
You slash the Orb Guardian! You freeze the Orb Guardian.
Your kick misses the Orb Guardian.
You peck the Orb Guardian, but do no damage.
The Orb Guardian is almost dead.
You block the Orb Guardian's attack.
You slash the Orb Guardian! You freeze the Orb Guardian.
You claw the Orb Guardian, but do no damage.
Your peck misses the Orb Guardian.
The Orb Guardian is almost dead.
You block the Orb Guardian's attack.
Do you want to bribe the denizens of the Realm of Zot?
Gozag spreads your bribe to the Realm of Zot!
You block the Orb Guardian's attack.
The Orb Guardian hits you but does no damage.
You slice the Orb Guardian!! You freeze the Orb Guardian.
You kill the Orb Guardian!
You now have 10508 gold pieces (gained 21).
You now have 10516 gold pieces (gained 8).
You now have 10539 gold pieces (gained 23).
An orb of fire is nearby!
An orb of fire is nearby!
An orb of fire is nearby!
No target in view!
No target in view!
You see here 20 gold pieces.
You see here 6 gold pieces.
The orb of fire refuses to make way for you. (Use ctrl+direction or * direction to attack.)
The orb of fire refuses to make way for you. (Use ctrl+direction or * direction to attack.)
The orb of fire refuses to make way for you. (Use ctrl+direction or * direction to attack.)
The orb of fire refuses to make way for you. (Use ctrl+direction or * direction to attack.) Unknown command.
Found a robe.
A dread lich comes into view.
The dread lich stares, then turns away, jangling a coin purse.
No target in view!
No target in view!
You see here 20 gold pieces.
You see here 20 gold pieces.
You see here 6 gold pieces.
An orb of fire is nearby!
An orb of fire is nearby!
Unknown command.
The dread lich barely misses the orb of fire.
Unknown command.
You see here 6 gold pieces.
The orb of fire refuses to make way for you. (Use ctrl+direction or * direction to attack.)
The orb of fire refuses to make way for you. (Use ctrl+direction or * direction to attack.)
The orb of fire refuses to make way for you. (Use ctrl+direction or * direction to attack.)
You see here 6 gold pieces.
The orb of fire refuses to make way for you. (Use ctrl+direction or * direction to attack.)
The orb of fire refuses to make way for you. (Use ctrl+direction or * direction to attack.)
The orb of fire refuses to make way for you. (Use ctrl+direction or * direction to attack.)
The orb of fire refuses to make way for you. (Use ctrl+direction or * direction to attack.)
The orb of fire refuses to make way for you. (Use ctrl+direction or * direction to attack.)
The orb of fire refuses to make way for you. (Use ctrl+direction or * direction to attack.)
As you read the scroll of teleportation, it crumbles to dust.
You feel strangely unstable.
You feel the Orb delaying your translocation!
An orb of fire is nearby!
An orb of fire is nearby!
Unknown command.
An orb of fire is nearby!
An orb of fire is nearby!
Your surroundings suddenly seem different.
Unknown command.
You now have 10562 gold pieces (gained 23).
You now have 10586 gold pieces (gained 24).
You now have 10682 gold pieces (gained 96).
You see here a +11 vorpal club.
You now have 10700 gold pieces (gained 18).
The orb of fire glows bright magenta.
The bolt of fire misses your orb of fire.
The bolt of fire misses you.
You see here the Orb of Zot.
The orb of fire glows red.
The bolt of fire hits your orb of fire.
Your orb of fire completely resists.
The bolt of fire hits you! You resist. What are your orders? t - Shout!
Orders for allies: a - Attack new target. r - Retreat! s - Stop attacking. g - Guard the area. f - Follow me.
Anything else - Cancel.
Follow me!
You see here the Orb of Zot.
You pick up the Orb of Zot!
The Orb lets out a hideous shriek!
The lords of Pandemonium are not amused.
Beware!
Now all you have to do is get back out of the dungeon!
Really fly into that permanent teleport trap?
You enter a permanent teleport trap!
Your surroundings suddenly seem different.
You start waiting.
A toenail golem comes into view.
You start waiting.
A toenail golem is nearby!
You hit the toenail golem. You claw the toenail golem!
You peck the toenail golem, but do no damage.
The toenail golem is moderately damaged.
You block the toenail golem's attack.
You slice the toenail golem!! You freeze the toenail golem.
You claw the toenail golem!
The toenail golem is almost destroyed.
You slash the toenail golem! You freeze the toenail golem.
You destroy the toenail golem!
You now have 10717 gold pieces (gained 17).
You start waiting.
Your Hell Sentinel grins greedily, jangling a coin purse.
A Hell Sentinel comes into view.
A neqoxec comes into view.
Your Hell Sentinel gestures at the neqoxec.
The sphere of damnation explodes!
The damnation engulfs the neqoxec!!
The neqoxec gestures at your Hell Sentinel.
Your Hell Sentinel twists and deforms.
You hit the neqoxec. You freeze the neqoxec.
You kill the neqoxec!
No target in view!
No target in view!
There is an escape hatch in the ceiling here.
A mysterious force pulls you upwards. The hatch slams shut behind you.
Level annotation: 2 transporters
(D) Dungeon (T) Temple (L) Lair (A) Shoals (P) Snake Pit (M) Slime Pits (O) Orcish Mines (E) Elven Halls (V) Vaults (C) Crypt (U) Depths (H) Hell (Z) Zot
Where to? (Enter - Zot:5 @ (x,y), ? - help) Have to go through Zot:5.
Continue? [Y]es or [N]o only, please.
Have to go through Zot:5.
Continue? [Y]es or [N]o only, please.
Have to go through Zot:5.
Continue?
The soul eater stares, then turns away, jangling a coin purse.
The Ice Fiend stares, then turns away, jangling a coin purse.
A Seilo, a soul eater, an Ice Fiend and a smoke demon come into view.
The smoke demon roars!
The smoke demon gestures at you.
The ball of steam hits you but does no damage.
You see here a +0 antimagic longbow.
The smoke demon gestures at you. Something smites you! Seilo gestures at you.
The bolt of energy misses you. Seilo gestures at you.
The bolt of cold hits you but does no damage.
A rust devil comes into view.
You see here a +0 mace.
Seilo gestures at you. The bolt of energy hits you! Seilo gestures at you.
The bolt of energy misses you. The smoke demon gestures at you.
Something smites you!
Items here: ))) [.
There is a stone staircase leading down here.
You fly downwards.
There is a stone staircase leading up here.
HP restored.
You swap places.
There is a stone staircase leading up here.
You fly upwards.
Level annotation: 2 transporters
There is a stone staircase leading down here.
You fly downwards.
There is a stone staircase leading up here.
You fly upwards.
Level annotation: 2 transporters
There is a stone staircase leading down here.
You swap places.
A large abomination comes into view.
You can't go up here!
You hit the large abomination. You freeze the large abomination.
You claw the large abomination!
The large abomination is moderately damaged.
You block the large abomination's attack.
You slice the large abomination!! You freeze the large abomination.
Your kick misses the large abomination. You peck the large abomination.
The large abomination is almost destroyed.
You block the large abomination's attack.
You slash the large abomination! You freeze the large abomination.
You destroy the large abomination!
No target in view!
No target in view!
No target in view!
No target in view!
No target in view!
No target in view!
No target in view!
(D) Dungeon (T) Temple (L) Lair (A) Shoals (P) Snake Pit (M) Slime Pits (O) Orcish Mines (E) Elven Halls (V) Vaults (C) Crypt (U) Depths (H) Hell (Z) Zot
Where to? (Enter - Zot:4 @ (x,y), ? - help)
There is a stone staircase leading up here.
You fly upwards.
There is a stone staircase leading down here.
You fly downwards.
Level annotation: 2 transporters
There is a stone staircase leading up here.
You fly upwards.
There is a stone staircase leading down here.
(D) Dungeon (T) Temple (L) Lair (A) Shoals (P) Snake Pit (M) Slime Pits (O) Orcish Mines (E) Elven Halls (V) Vaults (C) Crypt (U) Depths (H) Hell (Z) Zot
Where to? (Enter - Zot:4 @ (x,y), ? - help)
You see here a +0 trident.
There is an open gate here.
You see here a +0 war axe of electrocution.
You see here a +0 battleaxe.
There is a stone staircase leading up, spattered with blood here.
You fly upwards.
There is a stone staircase leading down, spattered with blood here.
You see here a +0 long sword.
(D) Dungeon (T) Temple (L) Lair (A) Shoals (P) Snake Pit (M) Slime Pits (O) Orcish Mines (E) Elven Halls (V) Vaults (C) Crypt (U) Depths (H) Hell (Z) Zot
Where to? (Enter - Zot:2, ? - help)
You see here a +0 halberd.
There is a stone staircase leading up here.
You fly upwards.
There is a stone staircase leading down here.
(D) Dungeon (T) Temple (L) Lair (A) Shoals (P) Snake Pit (M) Slime Pits (O) Orcish Mines (E) Elven Halls (V) Vaults (C) Crypt (U) Depths (H) Hell (Z) Zot
Where to? (Enter - Zot:1, ? - help)
There is an open door here.
The lorocyproca stares, then turns away, jangling a coin purse.
A lorocyproca comes into view.
(D) Dungeon (T) Temple (L) Lair (A) Shoals (P) Snake Pit (M) Slime Pits (O) Orcish Mines (E) Elven Halls (V) Vaults (C) Crypt (U) Depths (H) Hell (Z) Zot
Where to? (Enter - Depths:4, ? - help)
There is an open door here.
An Orb Guardian comes into view.
You slash the Orb Guardian! You freeze the Orb Guardian.
You claw the Orb Guardian.
The Orb Guardian is lightly wounded.
You block the Orb Guardian's attack.
You slice the Orb Guardian!! You freeze the Orb Guardian!
Your kick misses the Orb Guardian. Your peck misses the Orb Guardian.
The Orb Guardian is heavily wounded.
You block the Orb Guardian's attack.
You slash the Orb Guardian! You freeze the Orb Guardian.
You claw the Orb Guardian, but do no damage.
The Orb Guardian is severely wounded.
You block the Orb Guardian's attack.
You slice the Orb Guardian!! You freeze the Orb Guardian.
Your kick misses the Orb Guardian.
You peck the Orb Guardian, but do no damage.
The Orb Guardian is almost dead.
You closely miss the Orb Guardian. You claw the Orb Guardian.
You kill the Orb Guardian!
No target in view!
No target in view!
No target in view!
No target in view!
No target in view!
No target in view!
(D) Dungeon (T) Temple (L) Lair (A) Shoals (P) Snake Pit (M) Slime Pits (O) Orcish Mines (E) Elven Halls (V) Vaults (C) Crypt (U) Depths (H) Hell (Z) Zot
Where to? (Enter - Depths:4, ? - help)
You now have 10737 gold pieces (gained 20).
There is an open door here.
There is a gate leading back out of this place here.
You fly up through the gate.
Welcome back to the Depths!
There is a gate to the Realm of Zot here.
(D) Dungeon (T) Temple (L) Lair (A) Shoals (P) Snake Pit (M) Slime Pits (O) Orcish Mines (E) Elven Halls (V) Vaults (C) Crypt (U) Depths (H) Hell (Z) Zot
Where to? (Enter - Depths:4, ? - help)
You see here a +0 dire flail.
There is an open gate here.
You see here a +1 great sword of flaming.
There is a stone staircase leading up here.
You fly upwards.
There is a stone staircase leading down, spattered with blood here.
Do you want to bribe the denizens of the Depths?
Gozag spreads your bribe to the Depths!
(D) Dungeon (T) Temple (L) Lair (A) Shoals (P) Snake Pit (M) Slime Pits (O) Orcish Mines (E) Elven Halls (V) Vaults (C) Crypt (U) Depths (H) Hell (Z) Zot
Where to? (Enter - Depths:3, ? - help)
Things that are here:
a +0 dire flail; a +0 dire flail
There is an open door, spattered with blood here.
You see here a +0 robe.
There is a stone staircase leading up here.
You fly upwards.
There is a stone staircase leading down here.
(D) Dungeon (T) Temple (L) Lair (A) Shoals (P) Snake Pit (M) Slime Pits (O) Orcish Mines (E) Elven Halls (V) Vaults (C) Crypt (U) Depths (H) Hell (Z) Zot
Where to? (Enter - Depths:2, ? - help)
Things that are here:
a +0 plate armour; a +3 great sword of flaming
Things that are here:
a +0 robe; a +0 dagger An ice devil comes into view.
(D) Dungeon (T) Temple (L) Lair (A) Shoals (P) Snake Pit (M) Slime Pits (O) Orcish Mines (E) Elven Halls (V) Vaults (C) Crypt (U) Depths (H) Hell (Z) Zot
Where to? (Enter - Depths:1, ? - help)
An ice devil is nearby!
(D) Dungeon (T) Temple (L) Lair (A) Shoals (P) Snake Pit (M) Slime Pits (O) Orcish Mines (E) Elven Halls (V) Vaults (C) Crypt (U) Depths (H) Hell (Z) Zot
Where to? (Enter - Depths:1, ? - help)
An ice devil is nearby!
You block the ice devil's attack.
You slash the ice devil! You claw the ice devil!
You peck the ice devil, but do no damage.
The ice devil is heavily wounded.
You block the ice devil's attack.
You hit the ice devil. You claw the ice devil. Your peck misses the ice devil.
The ice devil is severely wounded.
You block the ice devil's attack.
You hit the ice devil. You claw the ice devil!
The ice devil is almost dead.
You slash the ice devil!
You kill the ice devil!
No target in view!
No target in view!
No target in view!
(D) Dungeon (T) Temple (L) Lair (A) Shoals (P) Snake Pit (M) Slime Pits (O) Orcish Mines (E) Elven Halls (V) Vaults (C) Crypt (U) Depths (H) Hell (Z) Zot
Where to? (Enter - Depths:1, ? - help)
You now have 7746 gold pieces (gained 9).
Yxatzacw comes into view.
Yxatzacw stares, then turns away, jangling a coin purse.
(D) Dungeon (T) Temple (L) Lair (A) Shoals (P) Snake Pit (M) Slime Pits (O) Orcish Mines (E) Elven Halls (V) Vaults (C) Crypt (U) Depths (H) Hell (Z) Zot
Where to? (Enter - Depths:1, ? - help)
There is a stone staircase leading up here.
You fly upwards.
There is a stone staircase leading down, spattered with blood here.
No target in view!
(D) Dungeon (T) Temple (L) Lair (A) Shoals (P) Snake Pit (M) Slime Pits (O) Orcish Mines (E) Elven Halls (V) Vaults (C) Crypt (U) Depths (H) Hell (Z) Zot
Where to? (Enter - Depths:1, ? - help)
There is an open door here.
Your Orb Guardian grins greedily, jangling a coin purse.
An Orb Guardian comes into view.
(D) Dungeon (T) Temple (L) Lair (A) Shoals (P) Snake Pit (M) Slime Pits (O) Orcish Mines (E) Elven Halls (V) Vaults (C) Crypt (U) Depths (H) Hell (Z) Zot
Where to? (Enter - D:15, ? - help)
You swap places.
There is an open door here.
There is an open door here.
There is a staircase back to the Dungeon here.
You fly upwards.
Welcome back to the Dungeon!
There is a staircase to the Depths here.
(D) Dungeon (T) Temple (L) Lair (A) Shoals (P) Snake Pit (M) Slime Pits (O) Orcish Mines (E) Elven Halls (V) Vaults (C) Crypt (U) Depths (H) Hell (Z) Zot
Where to? (Enter - D:15, ? - help)
There is an entrance to Tiovvic's Assorted Antiques here.
Things that are here:
a ring of poison resistance; the amulet "Osuwanech" {Acrobat rN+ Int+3}
There is an entrance to Dujeos's Magic Scroll Shoppe here.
There is an entrance to Qionu's Assorted Antiques here.
An ice devil comes into view.
Do you want to bribe the denizens of the Dungeon?
Gozag spreads your bribe to the Dungeon!
You block the ice devil's attack.
You slash the ice devil!
You claw the ice devil, but do no damage.
The ice devil is moderately wounded.
You block the ice devil's attack.
You slice the ice devil!!
You kill the ice devil!
No target in view!
No target in view!
No target in view!
No target in view!
No target in view!
No target in view!
No target in view!
No target in view!
No target in view!
(D) Dungeon (T) Temple (L) Lair (A) Shoals (P) Snake Pit (M) Slime Pits (O) Orcish Mines (E) Elven Halls (V) Vaults (C) Crypt (U) Depths (H) Hell (Z) Zot
Where to? (Enter - D:14, ? - help)
There is an open door here.
There is a stone staircase leading up here.
You fly upwards.
Level annotation: 2 runed translucent doors, Mostra's ghost, journeyman DjFE
There is a stone staircase leading down here.
(D) Dungeon (T) Temple (L) Lair (A) Shoals (P) Snake Pit (M) Slime Pits (O) Orcish Mines (E) Elven Halls (V) Vaults (C) Crypt (U) Depths (H) Hell (Z) Zot
Where to? (Enter - D:14, ? - help)
There is an open door here.
A tormentor comes into view.
(D) Dungeon (T) Temple (L) Lair (A) Shoals (P) Snake Pit (M) Slime Pits (O) Orcish Mines (E) Elven Halls (V) Vaults (C) Crypt (U) Depths (H) Hell (Z) Zot
Where to? (Enter - D:13, ? - help)
A tormentor is nearby!
There is an open door here.
You slash the tormentor! You freeze the tormentor. You claw the tormentor!!
You peck the tormentor.
You kill the tormentor!
No target in view!
No target in view!
No target in view!
No target in view!
No target in view!
No target in view!
No target in view!
No target in view!
No target in view!
No target in view!
No target in view!
No target in view!
No target in view!
(D) Dungeon (T) Temple (L) Lair (A) Shoals (P) Snake Pit (M) Slime Pits (O) Orcish Mines (E) Elven Halls (V) Vaults (C) Crypt (U) Depths (H) Hell (Z) Zot
Where to? (Enter - D:13, ? - help)
There is an open door, spattered with blood here.
There is a stone staircase leading up here.
You fly upwards.
Level annotation: exclusion: ice statue
There is a stone staircase leading down here.
(D) Dungeon (T) Temple (L) Lair (A) Shoals (P) Snake Pit (M) Slime Pits (O) Orcish Mines (E) Elven Halls (V) Vaults (C) Crypt (U) Depths (H) Hell (Z) Zot
Where to? (Enter - D:13, ? - help) Giyganoi grins greedily, jangling a coin purse.
A Giyganoi and a large abomination come into view.
(D) Dungeon (T) Temple (L) Lair (A) Shoals (P) Snake Pit (M) Slime Pits (O) Orcish Mines (E) Elven Halls (V) Vaults (C) Crypt (U) Depths (H) Hell (Z) Zot
Where to? (Enter - D:12, ? - help)
A large abomination is nearby!
An orange demon comes into view.
The orange demon screeches!
Giyganoi hits the orange demon!!!
Giyganoi hits the orange demon!
The orange demon dies!
Press: ? - help, v - describe, . - travel
Here: Giyganoi (friendly)
The floor.
Unknown command.
You block the large abomination's attack.
You barely miss the large abomination. You claw the large abomination.
You peck the large abomination!
The large abomination is moderately damaged.
Giyganoi barely misses the large abomination.
You block the large abomination's attack.
You hit the large abomination but do no damage.
You claw the large abomination!
You peck the large abomination, but do no damage.
The large abomination is heavily damaged.
Giyganoi hits the large abomination!!
You slash the large abomination! You freeze the large abomination.
You destroy the large abomination!
You swap places.
You now have 4762 gold pieces (gained 16).
There is a stone staircase leading up, spattered with blood here.
You fly upwards.
There is a stone staircase leading down, spattered with blood here.
There is a broken door, spattered with blood here.
Things that are here:
a +0 leather armour; a +0 dagger You see here a +0 flail.
There is a stone staircase leading up here.
You fly upwards.
There is a stone staircase leading down here.
You see here a +0 mace.
There is an open door here.
There is a stone staircase leading up here.
You fly upwards.
Level annotation: 2 transporters
There is a stone staircase leading down, spattered with blood here.
There is a stone staircase leading up here.
You fly upwards.
Level annotation: exclusion: statue
There is a stone staircase leading down here.
There is a stone staircase leading up here.
You fly upwards.
There is a stone staircase leading down here.
Your Ice Fiend grins greedily, jangling a coin purse.
An Ice Fiend comes into view.
There is a stone staircase leading up here.
You see here a +0 ring mail.
You fly upwards.
There is a stone staircase leading down here.
You fly downwards.
There is a stone staircase leading up here.
You see here a +0 ring mail.
You fly upwards.
The orc shouts!
There is a stone staircase leading down here.
An orc is nearby!
You swap places.
An orc wizard comes into view.
It is wielding a +1 vorpal war axe and wearing the ring of Equivalence {EV+4 Str+2}.
The orc wizard shouts!
The orc wizard mumbles some strange words.
The orc wizard flickers and vanishes for a moment.
You block the orc's attack.
Giyganoi gestures.
You slash the orc! You freeze the orc.
You kill the orc!
Giyganoi gestures.
Items here: ! $ ) [.
The orc wizard gestures at you while chanting.
The puff of flame hits you but does no damage.
You closely miss the orc wizard. You claw the orc wizard.
You peck the orc wizard.
The orc wizard is heavily wounded.
You barely miss the orc wizard. You claw the orc wizard!
You kill the orc wizard!
No target in view!
No target in view!
No target in view!
No target in view!
No target in view!
No target in view!
No target in view!
(D) Dungeon (T) Temple (L) Lair (A) Shoals (P) Snake Pit (M) Slime Pits (O) Orcish Mines (E) Elven Halls (V) Vaults (C) Crypt (U) Depths (H) Hell (Z) Zot
Where to? (Enter - D:7 @ (x,y), ? - help)
You swap places.
You now have 4767 gold pieces (gained 5).
j - 12 potions of heal wounds (gained 1)
Things that are here:
the +5 short sword of Youthful Indiscretion {holy, rC- rN+ Int+7 Stlth+}; a +0 leather armour You swap places.
A golden eye comes into view.
A golden eye is nearby!
The golden eye turns its gaze towards you.
The golden eye blinks at you. You resist with almost no effort.
Giyganoi gestures.
There is a stone staircase leading down here.
You slash the golden eye! You freeze the golden eye. You claw the golden eye.
You kill the golden eye!
No target in view!
No target in view!
No target in view!
No target in view!
No target in view!
No target in view!
No target in view!
No target in view!
No target in view!
No target in view!
(D) Dungeon (T) Temple (L) Lair (A) Shoals (P) Snake Pit (M) Slime Pits (O) Orcish Mines (E) Elven Halls (V) Vaults (C) Crypt (U) Depths (H) Hell (Z) Zot
Where to? (Enter - D:7 @ (x,y), ? - help)
You now have 4775 gold pieces (gained 8).
A golden eye comes into view.
(D) Dungeon (T) Temple (L) Lair (A) Shoals (P) Snake Pit (M) Slime Pits (O) Orcish Mines (E) Elven Halls (V) Vaults (C) Crypt (U) Depths (H) Hell (Z) Zot
Where to? (Enter - D:7 @ (x,y), ? - help)
A golden eye is nearby!
The golden eye turns its gaze towards you.
Giyganoi gestures.
The golden eye blinks at you. You resist with almost no effort.
You closely miss the golden eye. Your kick misses the golden eye.
You slice the golden eye!! You freeze the golden eye.
You kill the golden eye!
No target in view!
No target in view!
No target in view!
No target in view!
No target in view!
No target in view!
No target in view!
No target in view!
No target in view!
No target in view!
(D) Dungeon (T) Temple (L) Lair (A) Shoals (P) Snake Pit (M) Slime Pits (O) Orcish Mines (E) Elven Halls (V) Vaults (C) Crypt (U) Depths (H) Hell (Z) Zot
Where to? (Enter - D:7 @ (x,y), ? - help)
You now have 4779 gold pieces (gained 4).
A golden eye comes into view.
The golden eye turns its gaze towards you.
The golden eye blinks!
Giyganoi gestures.
The golden eye blinks at you. You resist with almost no effort.
The golden eye blinks at you. You resist with almost no effort.
You slash the golden eye! You freeze the golden eye.
You kill the golden eye!
No target in view!
No target in view!
No target in view!
(D) Dungeon (T) Temple (L) Lair (A) Shoals (P) Snake Pit (M) Slime Pits (O) Orcish Mines (E) Elven Halls (V) Vaults (C) Crypt (U) Depths (H) Hell (Z) Zot
Where to? (Enter - D:7 @ (x,y), ? - help)
Okay, then.
You swap places.
There is a stone staircase leading up here.
You fly upwards.
There is a stone staircase leading down here.
(D) Dungeon (T) Temple (L) Lair (A) Shoals (P) Snake Pit (M) Slime Pits (O) Orcish Mines (E) Elven Halls (V) Vaults (C) Crypt (U) Depths (H) Hell (Z) Zot
Where to? (Enter - D:7 @ (x,y), ? - help)
Things that are here:
a +0 sling; a +0 leather armour; a +0 dagger
There is a stone staircase leading up here.
You fly upwards.
There is a stone staircase leading down here.
(D) Dungeon (T) Temple (L) Lair (A) Shoals (P) Snake Pit (M) Slime Pits (O) Orcish Mines (E) Elven Halls (V) Vaults (C) Crypt (U) Depths (H) Hell (Z) Zot
Where to? (Enter - D:5, ? - help)
You swap places.
There is a stone staircase leading up here.
You fly upwards.
There is a stone staircase leading down here.
(D) Dungeon (T) Temple (L) Lair (A) Shoals (P) Snake Pit (M) Slime Pits (O) Orcish Mines (E) Elven Halls (V) Vaults (C) Crypt (U) Depths (H) Hell (Z) Zot
Where to? (Enter - D:4, ? - help)
There is a stone staircase leading up here.
You see here a ring of flight.
You fly upwards.
There is a stone staircase leading down here.
(D) Dungeon (T) Temple (L) Lair (A) Shoals (P) Snake Pit (M) Slime Pits (O) Orcish Mines (E) Elven Halls (V) Vaults (C) Crypt (U) Depths (H) Hell (Z) Zot
Where to? (Enter - D:3, ? - help)
You swap places.
You see here a +0 mace.
There is a stone staircase leading up here.
There is an open door here.
There is a stone staircase leading up here.
You fly upwards.
There is a stone staircase leading down here.
(D) Dungeon (T) Temple (L) Lair (A) Shoals (P) Snake Pit (M) Slime Pits (O) Orcish Mines (E) Elven Halls (V) Vaults (C) Crypt (U) Depths (H) Hell (Z) Zot
Where to? (Enter - D:2, ? - help)
A blizzard demon comes into view.
The blizzard demon stares, then turns away, jangling a coin purse.
No target in view!
No target in view!
Unknown command.
The demonspawn blood saint stares, then turns away, jangling a coin purse.
A demonspawn blood saint comes into view.
It is wielding a +0 dagger.
A demonspawn black sun comes into view. It is wielding a +0 great sword.
The demonspawn black sun stares, then turns away, jangling a coin purse.
There is an escape hatch in the ceiling here.
The hell beast stares, then turns away, jangling a coin purse.
A mysterious force pulls you upwards. The hatch slams shut behind you.
The hell beast stares, then turns away, jangling a coin purse.
The lich stares, then turns away, jangling a coin purse.
A hell beast and a lich come into view.
No target in view!
No target in view!
Unknown command.
Nezoenor stares, then turns away, jangling a coin purse.
Nezoenor comes into view. It is armed with a chaotic touch.
Nezoenor moves out of view.
Press: ? - help, v - describe, . - travel
Here: Nezoenor, armed with a chaotic touch (wandering, peaceful)
The floor.
Unknown command.
Unknown command.
Unknown command.
Unknown command.
There is an open door here.
You see here 6 stones.
You see here a +0 sling.
You see here a +0 short sword.
There is a staircase leading out of the dungeon here.
You have escaped!

..............#...#........#..##
#.....#..#######.#######...#.##
#........# ##.......## #.....#
.######..###.........###....##
.# #..##...........##....# .#
##..#.............#....##### ##
##..##.............##..>.....
##..#.#.............#.#..#####
####..#....)...&@.........#..#
...#...#.#.............#.#..##
...+..).##.............##..##
...#.....#.............#..##
...#.##..##...........##..##
...#.##..###.........###...#
2..#.##..# ##.......## #...#
...#(##..#######.#######...#
...'.##.......#...#........#


You could see the friendly Giyganoi.

Vanquished Creatures
  7 orbs of fire
  2 dread liches
  3 ancient liches
  Saint Roka (Snake:4)
  2 curse toes
  Parghit (Depths:3)
  Bai Suzhen (Depths:1)
  Frederick (Depths:4)
  3 Killer Klowns
  Xtahua (Vaults:4)
  A bone dragon (Depths:4)
  7 golden dragons
  4 electric golems
  Zenata (Vaults:1)
  A Cloud Mage (WizLab)
  17 tentacled monstrosities
  Jorgrun (Snake:1)
  A walking crystal tome (Depths:3)
  A lich (Depths:3)
  Asterion (Depths:1)
  19 Orb Guardians
  4 quicksilver dragons
  A deep elf master archer (Elf:3)
  2 deep elf blademasters (Elf:3)
  2 krakens
  5 titans (Vaults:5)
  3 death cobs
  Agnes (Snake:1)
  Kirke (Lair:3)
  3 sphinxes
  13 storm dragons
  A tentacled starspawn (Abyss:2)
  8 shadow dragons
  Donald (Vaults:1)
  5 tengu reavers
  10 draconian monks
  12 fire giants
  3 nagarajas
  15 frost giants
  3 iron dragons
  19 vault wardens
  8 deep elf sorcerers
  An iron dragon (shapeshifter) (Vaults:5)
  5 draconian knights
  7 draconian shifters
  3 angels (Zot:2)
  2 draconian scorchers
  2 deep elf elementalists (Elf:3)
  A spriggan defender (Depths:2)
  A ghost moth (Zot:1)
  8 draconian annihilators
  3 draconian stormcallers
  13 stone giants
  5 war gargoyles
  25 ironbound preservers
  20 very ugly things
  4 orc warlords
  7 ironbound thunderhulks
  A reaper (Depths:1)
  7 grey draconians
  11 black draconians
  8 deep elf demonologists
  A lorocyproca (Depths:3)
  26 purple draconians
  19 red draconians
  6 spark wasps
  5 dire elephants
  10 deep elf annihilators (Elf:3)
  11 green draconians
  Snorg (D:11)
  11 white draconians
  9 yellow draconians
  11 deep elf death magi
  2 crystal guardians
  8 blizzard demons
  3 entropy weavers
  14 merfolk impalers
  11 ettins
  14 yaktaur captains
  6 merfolk javelineers
  17 great orbs of eyes
  10 fire dragons
  Josephine (Lair:2)
  8 deep elf high priests
  3 rakshasas (Depths:1)
  5 peacekeepers
  16 ironbound frosthearts
  11 ice dragons
  36 vault guards
  9 spriggan air magi
  7 boulder beetles
  16 anacondas
  2 ogre magi
  A salamander tyrant (Snake:2)
  4 merfolk avatars
  6 alligator snapping turtles
  A catoblepas (Lair:5)
  A hell beast (Depths:1)
  4 merfolk aquamancers (Shoals:4)
  4 hydras
  3 ghost crabs (WizLab)
  14 dancing weapons
  11 centaur warriors
  6 two-headed ogres
  A hell hog (Depths:1)
  5 alligators
  9 death yaks
  19 naga warriors
  5 tengu warriors
  5 deep troll earth magi
  10 naga sharpshooters
  5 orc high priests
  12 deep troll shamans
  A sun demon (Depths:3)
  11 shock serpents
  5 hell knights
  A fire crab (shapeshifter) (D:7)
  11 iron trolls
  9 salamander mystics
  2 soul eaters (Depths:1)
  12 skeletal warriors
  11 deep elf knights
  2 goliath frogs (Shoals:2)
  An iron troll (shapeshifter) (Vaults:5)
  5 death drakes (WizLab)
  18 sea snakes
  5 glowing orange brains
  4 anaconda zombies (Snake:4)
  2 swamp dragons (Zot:2)
  73 deep trolls
  5 spectral anacondas (Snake:4)
  7 deep elf archers
  8 phantasmal warriors
  A swamp dragon (shapeshifter) (Vaults:5)
  7 wizards
  A spriggan simulacrum (Shoals:1)
  6 naga ritualists
  3 large abominations
  2 anaconda skeletons (Snake:4)
  18 lindwurms
  12 deep elf zephyrmancers
  3 necromancers
  2 orange crystal statues
  18 harpies
  21 ironbound convokers
  6 orc knights
  41 ugly things
  17 deep elf pyromancers
  7 cyclopes
  15 fauns
  A shining eye (shapeshifter) (Zot:2)
  10 mana vipers
  A sphinx skeleton (Vaults:3)
  11 manticores
  29 salamanders
  14 moths of wrath
  4 orc sorcerers
  A toenail golem (Zot:5)
  4 apocalypse crabs
  3 elephants (Lair:5)
  Maurice (Orc:2)
  9 guardian serpents
  A rust devil (Depths:3)
  6 merfolk sirens
  A smoke demon (Depths:1)
  11 naga magi
  7 water nymphs
  4 molten gargoyles
  35 black mambas
  10 cane toads
  A torpor snail (Lair:2)
  2 orange demons
  22 vault sentinels
  An unseen horror (D:11)
  Maggie (Lair:1)
  A yaktaur zombie (Vaults:3)
  2 freezing wraiths (Vaults:5)
  8 anaconda simulacra (Snake:4)
  18 rime drakes
  33 yaktaurs
  2 hellwings
  8 komodo dragons
  3 ice devils
  7 tengu conjurers
  A tormentor (D:14)
  35 merfolk
  25 polar bears
  A meliai (shapeshifter) (Elf:2)
  3 meliai (D:12)
  A red devil (Depths:3)
  A queen bee (D:12)
  5 trolls
  A tarantella (Vaults:3)
  15 blink frogs (Lair:5)
  2 hornets
  11 wind drakes
  A raiju (shapeshifter) (D:15)
  19 dream sheep
  60 slime creatures
  18 snapping turtles
  3 flying skulls (Abyss:2)
  A jumping spider (Vaults:3)
  A ynoxinul (Depths:3)
  4 shadows
  A wyvern (D:7)
  13 air elementals
  22 water elementals
  2 vampires
  2 fire elementals (Elf:1)
  3 chaos spawn
  3 hogs (Lair:3)
  A steam dragon (shapeshifter) (Vaults:5)
  4 wraiths
  5 basilisks
  A small abomination (Abyss:2)
  3 golden eyes (D:7)
  16 vampire mosquitoes
  5 neqoxecs
  4 steam dragons
  53 yaks
  3 harpy simulacra (Shoals:1)
  A two-headed ogre zombie (D:11)
  6 wargs
  45 nagas
  21 water moccasins
  An acid dragon (D:11)
  An elf simulacrum (Vaults:3)
  A floating eye (Lair:3)
  36 orc warriors
  A sky beast (D:8)
  A human zombie (Vaults:3)
  An alligator simulacrum (Shoals:1)
  3 black bears
  18 ogres
  3 ice beasts
  18 wolves
  8 boggarts
  5 centaurs
  2 phantoms (D:5)
  3 kobold brigands
  3 necrophages
  4 earth elementals
  2 gnoll sergeants
  13 bullfrogs
  4 scorpions
  A deep troll simulacrum (Shoals:1)
  A glowing shapeshifter simulacrum (Vaults:3)
  6 wights (D:8)
  2 lindwurm simulacra (Shoals:1)
  2 troll zombies (D:11)
  42 killer bees
  3 electric eels (D:13)
  4 howler monkeys
  5 hounds
  12 jellies
  A lava snake (Lair:5)
  A gnoll bouda (D:7)
  40 orc priests
  14 iguanas
  25 orc wizards
  A hell rat (Lair:3)
  5 ogre zombies (D:11)
  14 gnolls
  4 adders
  4 white imps
  3 ufetubi
  4 worms
  5 dart slugs
  146 orcs
  3 ball pythons
  8 bats
  7 endoplasms
  4 goblins
  6 hobgoblins
  2 jackals (D:3)
  5 quokkas
  4 frilled lizards
  4 goblin skeletons (D:11)
  A goblin zombie (D:11)
  A hobgoblin skeleton (D:11)
  3 hobgoblin zombies (D:11)
  20 kobolds
  2 orc skeletons (D:11)
  14 orc zombies (D:11)
  4 rats
  9 tentacles
2402 creatures vanquished.

Vanquished Creatures (collateral kills)
  A Killer Klown (Zot:5)
  A golden dragon (Zot:5)
  An electric golem (Zot:5)
  Rupert (D:15)
  5 Orb Guardians (Zot:5)
  A skeletal warrior (D:15)
  A moth of wrath (Zot:5)
  An orange demon (D:13)
  A basilisk (Lair:3)
  A water moccasin (Lair:3)
  5 hell rats (Lair:3)
19 creatures vanquished.

Vanquished Creatures (others)
  A dread lich (Zot:5)
  A Killer Klown (Zot:5)
  2 Orb Guardians (Zot:5)
  A tentacled monstrosity (Zot:5)
  A nagaraja (Snake:4)
  An angel (Zot:2)
  A demonspawn black sun (Zot:5)
  A merfolk impaler (Shoals:4)
  A spriggan air mage (WizLab)
  A moth of wrath (Zot:5)
  A dream sheep (Shoals:4)
  A naga (Snake:1)
  2 orc wizards
  26 fungi
  4 pillars of salt (Zot:2)
  257 plants
  4 starspawn tentacles (Abyss:2)
  27 tentacles
333 creatures vanquished.

Grand Total: 2754 creatures vanquished

Notes
Turn   | Place    | Note
-------+----------+-------------------------------------------
     0 | D:1      | sleeves the Tengu Fighter began the quest for the Orb.
     0 | D:1      | Reached XP level 1. HP: 14/14 MP: 2/2
   221 | D:1      | Reached XP level 2. HP: 19/19 MP: 3/3
   245 | D:1      | Reached skill level 3 in Long Blades
   259 | D:1      | Got the Meditations on Assembling
   411 | D:1      | HP: 9/19 [kobold/+0 whip (4)]
   513 | D:1      | Found a faded altar of an unknown god.
   737 | D:1      | Found Qethowk's Assorted Antiques.
   913 | D:2      | Reached XP level 3. HP: 20/23 MP: 4/4
  1186 | D:2      | Reached skill level 4 in Long Blades
  1423 | D:2      | Found a shimmering blue altar of Sif Muna.
  1683 | D:3      | HP: 9/23 [orc priest/divine providence (8)]
  1692 | D:3      | HP: 8/23 [orc/+0 club (3)]
  1994 | D:3      | Reached XP level 4. HP: 28/28 MP: 5/5
  2089 | D:3      | Reached skill level 5 in Long Blades
  2239 | D:3      | Gained mutation: Your magical nature lets you fly swiftly
                  | and evasively. [Tengu growth]
  2239 | D:3      | Reached XP level 5. HP: 28/32 MP: 6/6
  2485 | D:3      | Reached skill level 6 in Long Blades
  2813 | D:4      | HP: 16/32 [iguana (9)]
  3087 | D:4      | Reached XP level 6. HP: 30/37 MP: 7/7
  3494 | D:5      | Entered Level 5 of the Dungeon
  3549 | D:5      | Reached skill level 7 in Long Blades
  3737 | D:5      | Reached skill level 8 in Long Blades
  3737 | D:5      | Reached XP level 7. HP: 39/41 MP: 8/8
  3953 | D:5      | Reached skill level 9 in Long Blades
  3967 | D:5      | Found a staircase to the Ecumenical Temple.
  3998 | Temple   | Entered the Ecumenical Temple
  4250 | Temple   | Became a worshipper of Gozag Ym Sagoz the Greedy
  4353 | D:5      | Found a bloodstained altar of Trog.
  4469 | D:5      | Reached XP level 8. HP: 46/46 MP: 9/9
  4485 | D:4      | Reached skill level 10 in Long Blades
  5359 | D:6      | Identified the +0 chain mail "Yshe Hups" {-Tele Slay+4}
  5408 | D:6      | Found a white marble altar of Elyvilon.
  5408 | D:6      | Found a faded altar of an unknown god.
  5414 | D:6      | Found a faded altar of an unknown god.
  5416 | D:6      | Found a shimmering altar of Xom.
  5418 | D:6      | Found a glowing golden altar of the Shining One.
  5446 | D:6      | Reached skill level 11 in Long Blades
  5631 | D:6      | Found a shimmering blue altar of Sif Muna.
  6002 | D:7      | HP: 22/46 [poisoned by a water moccasin]
  6003 | D:7      | HP: 10/46 [water moccasin (6)]
  6011 | D:7      | Reached skill level 12 in Long Blades
  6016 | D:7      | HP: 23/46 [poisoned by a water moccasin]
  6117 | D:7      | Reached XP level 9. HP: 48/50 MP: 10/10
  6164 | D:7      | HP: 22/50 [wyvern (14)]
  6167 | D:7      | Reached skill level 13 in Long Blades
  6415 | D:7      | Noticed a manticore
  6498 | D:6      | HP: 20/50 [iguana (9)]
  6722 | D:7      | Reached skill level 14 in Long Blades
  6808 | D:7      | Noticed an eye of devastation
  6810 | D:7      | Reached skill level 1 in Dodging
  6856 | D:6      | Reached skill level 2 in Dodging
  6939 | D:7      | Reached skill level 4 in Fighting
  6939 | D:7      | Reached skill level 4 in Shields
  6994 | D:7      | Reached skill level 3 in Dodging
  6994 | D:7      | Reached XP level 10. HP: 47/57 MP: 11/11
  7004 | D:7      | Noticed a two-headed ogre
  7475 | D:7      | Reached skill level 4 in Dodging
  7492 | D:7      | Noticed an eye of devastation
  7654 | D:8      | Reached skill level 5 in Fighting
  7654 | D:8      | Reached skill level 5 in Shields
  7821 | D:8      | Reached skill level 5 in Dodging
  8221 | D:8      | Found a staircase to the Lair.
  8241 | D:8      | Reached skill level 6 in Fighting
  8241 | D:8      | Reached skill level 6 in Shields
  8401 | D:8      | HP: 30/60 [warg (2)]
  8683 | D:8      | Reached skill level 6 in Dodging
  8698 | D:8      | Reached XP level 11. HP: 51/66 MP: 12/12
  9308 | D:9      | Found an iron altar of Okawaru.
  9326 | D:9      | Reached skill level 7 in Fighting
  9419 | D:9      | Reached skill level 7 in Shields
  9711 | D:9      | HP: 33/67 [killer bee (4)]
  9716 | D:9      | HP: 29/67 [poisoned by a killer bee]
  9721 | D:9      | HP: 27/67 [poisoned by a killer bee]
  9882 | D:9      | Paralysed by a hornet for 3 turns
  9887 | D:9      | Reached skill level 7 in Dodging
  9888 | D:9      | HP: 32/67 [poisoned by a hornet]
  9893 | D:9      | HP: 29/67 [poisoned by a hornet]
 10077 | D:9      | Found a radiant altar of Vehumet.
 10278 | D:10     | Entered Level 10 of the Dungeon
 10460 | D:10     | Found an ancient bone altar of Kikubaaqudgha.
 10671 | D:10     | Noticed a boulder beetle
 10711 | D:10     | Killed a boulder beetle
 11042 | D:10     | Found a transporter.
 11044 | D:10     | Found a transporter.
 11044 | D:10     | Noticed a boulder beetle
 11336 | D:7      | Reached skill level 8 in Fighting
 11377 | D:7      | Reached skill level 8 in Shields
 11384 | D:7      | Reached skill level 8 in Dodging
 11513 | D:7      | Noticed a fire crab
 11531 | D:7      | Killed a fire crab
 11532 | D:7      | HP: 31/68 [something (7)]
 11537 | D:7      | HP: 31/68 [manticore (2)]
 11544 | D:7      | Killed a manticore
 11845 | D:11     | Noticed a centaur warrior
 11958 | D:11     | Reached XP level 12. HP: 46/75 MP: 13/13
 12094 | D:11     | Noticed Snorg
 12105 | D:11     | Killed Snorg
 12106 | D:11     | Reached skill level 9 in Dodging
 12303 | D:11     | Reached skill level 9 in Fighting
 12321 | D:11     | Found a staircase to the Orcish Mines.
 12332 | D:11     | Reached skill level 9 in Shields
 12347 | D:11     | HP: 37/76 [something (25)]
 12738 | D:11     | Killed a centaur warrior
 13101 | D:11     | Noticed a two-headed ogre
 13112 | D:11     | Killed a two-headed ogre
 13163 | D:11     | HP: 37/76 [cyclops (18)]
 13706 | D:11     | Reached skill level 10 in Dodging
 13879 | D:12     | HP: 31/77 [molten gargoyle/+0 mace (9)]
 13891 | D:12     | HP: 32/77 [molten gargoyle/+0 mace (11)]
 14139 | D:12     | HP: 33/77 [molten gargoyle/bolt of magma (11)]
 14144 | D:12     | HP: 22/77 [molten gargoyle/+0 flail (12)]
 14148 | D:12     | Reached skill level 10 in Fighting
 14435 | D:12     | Found Vul Gur's Weapon Emporium.
 14495 | D:12     | Reached skill level 10 in Shields
 14533 | D:12     | HP: 37/77 [poisoned by a meliai]
 14538 | D:12     | HP: 33/77 [poisoned by a meliai]
 14751 | D:12     | Reached skill level 11 in Dodging
 15242 | D:13     | Noticed a boulder beetle
 15279 | D:12     | Reached skill level 12 in Dodging
 15345 | D:12     | Reached XP level 13. HP: 73/82 MP: 14/14
 15366 | D:13     | HP: 41/82 [cyclops (17)]
 15720 | D:13     | Reached skill level 13 in Dodging
 15947 | Lair:1   | Entered Level 1 of the Lair of Beasts
 16618 | Lair:1   | Noticed Maggie
 16633 | Lair:1   | Killed Maggie
 16880 | Lair:2   | Reached skill level 4 in Armour
 17299 | Lair:2   | Found a staircase to the Snake Pit.
 17529 | Lair:2   | Reached skill level 5 in Armour
 18067 | Lair:2   | Found a staircase to the Shoals.
 18391 | Lair:3   | HP: 42/84 [boulder beetle (42)]
 18402 | Lair:3   | HP: 9/84 [rime drake/icy flash freeze (18)]
 18660 | Lair:2   | Reached skill level 14 in Dodging
 18767 | Lair:3   | Reached skill level 6 in Armour
 18784 | Lair:3   | Noticed Nessos
 18794 | Lair:3   | Reached skill level 11 in Fighting
 18823 | Lair:3   | Nessos changed into Nessos the floating eye
 18823 | Lair:3   | Noticed Nessos
 18824 | Lair:3   | Killed Nessos the floating eye
 19284 | Lair:3   | Noticed Kirke
 19315 | Lair:3   | Killed Kirke
 19348 | Lair:3   | Noticed Josephine
 19492 | Lair:2   | Killed Josephine
 19493 | Lair:2   | Reached XP level 14. HP: 64/89 MP: 15/15
 19507 | Lair:2   | Reached skill level 7 in Armour
 19885 | Lair:3   | You are sucked into a shaft and drop 2 floors!
 19885 | Lair:5   | Entered Level 5 of the Lair of Beasts
 20260 | Lair:4   | Found a staircase to the Slime Pits.
 20704 | Lair:4   | Reached skill level 8 in Armour
 20733 | Lair:4   | Reached skill level 12 in Fighting
 20852 | Lair:4   | Reached skill level 15 in Dodging
 20998 | Lair:4   | HP: 43/92 [dream sheep (4)]
 21006 | Lair:4   | HP: 42/92 [dream sheep (3)]
 22122 | Lair:5   | HP: 44/92 [rime drake/icy flash freeze (26)]
 22131 | Lair:4   | HP: 42/92 [yak (5)]
 22135 | Lair:4   | Reached skill level 9 in Armour
 23295 | Lair:5   | Reached skill level 13 in Fighting
 23385 | Lair:5   | Reached skill level 10 in Armour
 23538 | Lair:5   | HP: 44/94 [death yak (11)]
 24136 | Lair:5   | Reached XP level 15. HP: 51/99 MP: 16/16
 24717 | Lair:5   | Reached skill level 11 in Armour
 24814 | Lair:5   | Found the +3 pair of seven-league boots {Rampage+∞}
 25142 | D:13     | HP: 41/100 [centaur warrior/arrow (15)]
 25142 | D:13     | HP: 20/100 [centaur warrior/arrow (21)]
 25992 | Abyss:2  | Cast into level 2 of the Abyss (a wizard)
 26001 | Abyss:2  | Found a corrupted altar of Lugonu.
 26092 | Abyss:2  | Reached skill level 14 in Fighting
 26199 | Abyss:2  | Noticed a tentacled starspawn
 26211 | Abyss:2  | Killed a tentacled starspawn
 26267 | Abyss:2  | Noticed a cacodemon
 26290 | Abyss:3  | Found a corrupted altar of Lugonu.
 26325 | Abyss:3  | Noticed a daeva
 26342 | Abyss:3  | Found a corrupted altar of Lugonu.
 26393 | D:13     | Escaped the Abyss
 26440 | D:13     | Found a gate to the Vaults.
 26724 | D:14     | Reached skill level 12 in Armour
 27204 | D:14     | Found a large runed translucent door.
 27204 | D:14     | Found a large runed translucent door.
 27209 | D:14     | Noticed Mostra's ghost (journeyman DjFE)
 28037 | D:15     | Entered Level 15 of the Dungeon
 28504 | D:15     | Paralysed by an ogre mage for 3 turns
 28579 | D:15     | Paralysed by an ogre mage for 4 turns
 28583 | D:15     | HP: 39/101 [ogre mage/bolt of magma (21)]
 28794 | D:15     | Paralysed by something for 2 turns
 28943 | D:15     | Reached skill level 15 in Fighting
 29040 | D:15     | Reached skill level 13 in Armour
 29397 | D:15     | HP: 50/103 [skeletal warrior/+0 war axe (15)]
 29550 | D:15     | Noticed Rupert
 29565 | D:15     | Paralysed by Rupert for 5 turns
 29580 | D:15     | Killed Rupert
 29817 | D:15     | Found a staircase to the Depths.
 29831 | D:15     | Reached skill level 11 in Shields
 30019 | D:15     | Reached XP level 16. HP: 82/108 MP: 17/17
 30471 | Orc:1    | Entered Level 1 of the Orcish Mines
 30588 | Orc:2    | Entered Level 2 of the Orcish Mines
 30651 | Orc:2    | Noticed Maurice
 30689 | Orc:2    | Killed Maurice
 31422 | Orc:1    | Reached skill level 12 in Shields
 31991 | Orc:2    | Found a staircase to the Elven Halls.
 32072 | Orc:2    | Identified the ring "Fawulem" {rElec rC- rN+ Will+ Slay+2}
 32391 | Orc:2    | Found Xoruexeu's General Store.
 32466 | Orc:2    | Found Kodud's Distillery.
 32727 | Orc:2    | HP: 52/108 [orc warlord/+3 great sword (28)]
 32908 | Orc:2    | HP: 53/108 [orc warlord/+3 great sword (27)]
 33109 | Orc:2    | HP: 54/108 [orc warlord/+3 great sword (1)]
 33511 | Orc:2    | HP: 49/108 [orc priest/divine providence[an orc warlord]
                  | (13)]
 33695 | Orc:2    | Reached skill level 13 in Shields
 34192 | Orc:2    | Found Iziulom's Book Shoppe.
 34318 | Orc:2    | Found Wovvi's Antique Weapon Emporium.
 34583 | Snake:1  | Entered Level 1 of the Snake Pit
 34960 | Snake:1  | Noticed Jorgrun
 34973 | Snake:1  | HP: 46/108 [constriction (14)]
 34979 | Snake:1  | HP: 21/108 [constriction (3)]
 34985 | Snake:1  | HP: 36/108 [constriction (1)]
 34988 | Snake:1  | Killed Jorgrun
 34989 | Snake:1  | Reached skill level 14 in Shields
 35408 | Snake:1  | Noticed Agnes
 35425 | Snake:1  | Killed Agnes
 35571 | Snake:1  | HP: 54/108 [poisoned by a naga mage (splash of poison)]
 35576 | Snake:1  | HP: 50/108 [poisoned by a naga mage (splash of poison)]
 36068 | Snake:1  | HP: 51/108 [guardian serpent (14)]
 36075 | Snake:1  | HP: 54/108 [poisoned by a naga ritualist (toxic radiance)]
 36080 | Snake:1  | HP: 24/108 [poisoned by a naga ritualist (toxic radiance)]
 36086 | Snake:1  | HP: 23/108 [poisoned by a naga (splash of poison)]
 36091 | Snake:1  | HP: 20/108 [poisoned by a naga (splash of poison)]
 36415 | Snake:1  | HP: 54/108 [poisoned by a naga ritualist (toxic radiance)]
 36420 | Snake:1  | HP: 36/108 [poisoned by a naga ritualist (toxic radiance)]
 36425 | Snake:1  | HP: 31/108 [poisoned by a naga ritualist (toxic radiance)]
 36955 | Snake:1  | Reached skill level 15 in Shields
 37210 | Snake:2  | HP: 49/108 [shock serpent (10)]
 37215 | Snake:2  | HP: 34/108 [shock serpent/bolt of electricity (5)]
 37225 | Snake:2  | HP: 25/108 [naga sharpshooter/arrow (12)]
 38402 | Snake:2  | Reached XP level 17. HP: 66/113 MP: 18/18
 38403 | Snake:2  | HP: 51/113 [salamander/+1 halberd of protection (15)]
 38924 | Snake:2  | Identified the +0 cloak of the Grey Skies {Will+ Stlth+}
 39728 | Snake:2  | Reached skill level 14 in Armour
 40070 | Snake:2  | HP: 55/113 [poisoned by a naga sharpshooter (splash of
                  | poison)]
 40075 | Snake:2  | HP: 39/113 [poisoned by a naga sharpshooter (splash of
                  | poison)]
 40691 | Snake:3  | Reached skill level 15 in Long Blades
 41457 | Snake:3  | Reached skill level 16 in Fighting
 41610 | Snake:3  | HP: 57/115 [poisoned by a naga warrior (splash of poison)]
 41615 | Snake:3  | HP: 50/115 [poisoned by a naga warrior (splash of poison)]
 41620 | Snake:3  | HP: 47/115 [poisoned by a naga warrior (splash of poison)]
 41637 | Snake:3  | HP: 51/115 [poisoned by a naga warrior (splash of poison)]
 41642 | Snake:3  | HP: 48/115 [poisoned by a naga warrior (splash of poison)]
 42180 | Snake:3  | Found Ecatas's Jewellery Boutique.
 42180 | Snake:3  | Found Piyso's Book Emporium.
 42181 | Snake:3  | Found Wutuergh's Jewellery Boutique.
 42327 | Snake:3  | HP: 57/115 [poisoned by a naga ritualist (toxic radiance)]
 42332 | Snake:3  | HP: 52/115 [poisoned by a naga ritualist (toxic radiance)]
 42829 | Snake:4  | Entered Level 4 of the Snake Pit
 43045 | Snake:4  | Found Neopyurph's General Store.
 43047 | Snake:4  | Found Gecvegiq's Distillery.
 43049 | Snake:4  | Found Hutrogih's Distillery.
 43071 | Snake:4  | HP: 55/115 [poisoned by naga mage (concentrated venom)]
 43076 | Snake:4  | HP: 48/115 [poisoned by naga mage (concentrated venom)]
 43427 | Snake:4  | Bought a scroll of teleportation for 60 gold pieces
 43427 | Snake:4  | Bought a potion of curing for 60 gold pieces
 43429 | Snake:4  | Bought a potion of heal wounds for 80 gold pieces
 43429 | Snake:4  | Bought a potion of invisibility for 128 gold pieces
 43435 | Snake:4  | Bought a potion of curing for 51 gold pieces
 43435 | Snake:4  | Bought a potion of haste for 170 gold pieces
 43435 | Snake:4  | Bought a potion of haste for 170 gold pieces
 43435 | Snake:4  | Bought a potion of heal wounds for 85 gold pieces
 43435 | Snake:4  | Bought a potion of might for 68 gold pieces
 43455 | Snake:4  | Reached skill level 15 in Armour
 43573 | Snake:4  | Found Futa Foh's Assorted Antiques.
 43594 | Snake:4  | Bought a scroll of teleportation for 102 gold pieces
 43624 | Snake:4  | Noticed Saint Roka
 43658 | Snake:4  | HP: 52/116 [Saint Roka/divine providence (11)]
 43661 | Snake:4  | Killed Saint Roka
 43836 | Snake:4  | Found Topied's Weapon Emporium.
 43839 | Snake:4  | Found Zezulecw's General Store.
 44082 | Snake:4  | Found Cuusuc's General Store.
 44090 | Snake:4  | Bought a potion of heal wounds for 70 gold pieces
 44090 | Snake:4  | Bought a scroll of blinking for 105 gold pieces
 44266 | Snake:4  | Reached skill level 16 in Long Blades
 44271 | Snake:4  | Identified Roxanne's Commentary on Clay
 44271 | Snake:4  | Noticed Roxanne
 44425 | Snake:4  | Reached XP level 18. HP: 114/122 MP: 19/19
 44457 | Snake:4  | Found Qustrah's Assorted Antiques.
 44718 | Snake:4  | Identified a scroll of acquirement
 44749 | Snake:4  | Acquired a manual of Shields
 44822 | Snake:4  | HP: 54/122 [guardian serpent (10)]
 44827 | Snake:4  | HP: 37/122 [poisoned by a naga mage (bolt of poison)]
 44828 | Snake:4  | HP: 15/122 [constriction (4)]
 45283 | Snake:4  | Reached skill level 17 in Fighting
 45474 | Snake:4  | HP: 61/123 [poisoned by a nagaraja (bolt of poison)]
 45477 | Snake:4  | HP: 27/123 [poisoned by a nagaraja (poison arrow)]
 45482 | Snake:4  | HP: 17/123 [poisoned by a nagaraja (poison arrow)]
 45488 | Snake:4  | HP: 13/123 [poisoned by a nagaraja (poison arrow)]
 45818 | Snake:4  | HP: 59/123 [poisoned by a nagaraja (bolt of poison)]
 45823 | Snake:4  | HP: 47/123 [poisoned by a nagaraja (bolt of poison)]
 45828 | Snake:4  | HP: 41/123 [poisoned by a nagaraja (bolt of poison)]
 45833 | Snake:4  | HP: 38/123 [poisoned by a nagaraja (bolt of poison)]
 46144 | Snake:4  | HP: 59/124 [guardian serpent (11)]
 46149 | Snake:4  | HP: 39/124 [lindwurm/blast of flame (10)]
 46445 | Snake:4  | Reached skill level 16 in Shields
 46462 | Snake:4  | HP: 61/124 [anaconda (5)]
 46479 | Snake:4  | HP: 57/124 [shock serpent (8)]
 46489 | Snake:4  | HP: 48/124 [anaconda (8)]
 46495 | Snake:4  | HP: 49/124 [constriction (1)]
 46896 | Snake:4  | Got a serpentine rune of Zot
 47283 | Snake:4  | Reached skill level 17 in Shields
 47652 | Shoals:1 | Entered Level 1 of the Shoals
 48052 | Shoals:1 | Found a frozen archway.
 48124 | IceCv    | Entered an ice cave
 48214 | IceCv    | Reached skill level 18 in Fighting
 48795 | IceCv    | Reached skill level 18 in Shields
 49170 | IceCv    | Reached XP level 19. HP: 131/131 MP: 20/20
 49426 | Shoals:1 | Found Fygeastru's Magic Scroll Shop.
 49431 | Shoals:1 | Bought a scroll of teleportation for 39 gold pieces
 49431 | Shoals:1 | Bought a scroll of teleportation for 39 gold pieces
 49431 | Shoals:1 | Bought a scroll of blinking for 97 gold pieces
 49431 | Shoals:1 | Bought a scroll of fear for 52 gold pieces
 49431 | Shoals:1 | Bought a scroll of magic mapping for 97 gold pieces
 50829 | Shoals:2 | HP: 65/132 [harpy (9)]
 50830 | Shoals:2 | Reached skill level 19 in Shields
 50834 | Shoals:2 | HP: 30/132 [harpy (6)]
 50841 | Shoals:2 | HP: 26/132 [harpy (6)]
 51256 | Shoals:2 | HP: 66/132 [poisoned by a merfolk impaler]
 51260 | Shoals:2 | HP: 28/132 [poisoned by a merfolk impaler]
 52052 | Shoals:2 | Reached skill level 19 in Fighting
 52449 | Shoals:2 | HP: 64/132 [alligator snapping turtle (36)]
 52695 | Shoals:2 | HP: 63/132 [tentacle[a kraken] (7)]
 52702 | Shoals:2 | HP: 60/132 [tentacle[a kraken] (5)]
 54087 | Shoals:3 | HP: 66/133 [harpy (9)]
 54092 | Shoals:3 | HP: 64/133 [harpy (4)]
 54325 | Shoals:3 | Found a transporter.
 54460 | Shoals:3 | Found a transporter.
 54480 | Shoals:3 | Found a transporter.
 54486 | Shoals:3 | Found a transporter.
 54686 | Shoals:3 | Found a transporter.
 54688 | Shoals:3 | Found a transporter.
 55103 | Shoals:3 | Reached skill level 20 in Shields
 55129 | Shoals:4 | Entered Level 4 of the Shoals
 55194 | Shoals:4 | Identified the ring of Vykaska {rN+ Will+ Str+6 Dex+3}
 55394 | Shoals:4 | HP: 47/134 [alligator snapping turtle (34)]
 56007 | Shoals:4 | Reached skill level 20 in Fighting
 56218 | Shoals:4 | HP: 55/135 [tentacle[a kraken] (14)]
 56222 | Shoals:4 | HP: 20/135 [tentacle[a kraken] (17)]
 56245 | Shoals:4 | HP: 15/135 [merfolk/+0 trident (14)]
 56250 | Shoals:4 | HP: 31/135 [merfolk/+0 trident (9)]
 56300 | Shoals:4 | HP: 50/135 [merfolk javelineer/silver javelin (1)]
 56307 | Shoals:4 | HP: 45/135 [merfolk javelineer/silver javelin (6)]
 56321 | Shoals:4 | HP: 49/135 [merfolk javelineer/silver javelin (1)]
 56327 | Shoals:4 | HP: 38/135 [merfolk javelineer/silver javelin (5)]
 56631 | Shoals:4 | Got a barnacled rune of Zot
 56666 | Shoals:4 | HP: 58/135 [merfolk javelineer/silver javelin (15)]
 57526 | Shoals:4 | HP: 64/135 [water nymph/the raging water (31)]
 57727 | Shoals:4 | HP: 65/135 [kraken (20)]
 57927 | Shoals:4 | Reached XP level 20. HP: 118/140 MP: 21/21
 58124 | Shoals:4 | HP: 69/140 [snapping turtle (15)]
 58422 | Shoals:4 | Identified the +7 rapier of Simi {elec, rElec Will+ Int+4
                  | Dex+2}
 58984 | Elf:1    | Entered Level 1 of the Elven Halls
 59100 | Elf:1    | Found a transporter.
 59107 | Elf:1    | Found a transporter.
 59111 | Elf:1    | Found an ornate altar of the Wu Jian Council.
 59113 | Elf:1    | Found a transporter.
 59285 | Elf:1    | HP: 68/140 [deep elf zephyrmancer/bolt of lightning (6)]
 59297 | Elf:1    | HP: 59/140 [+1 long sword of holy wrath (12)]
 59601 | Elf:1    | HP: 70/140 [poisoned by a deep elf knight]
 59606 | Elf:1    | HP: 66/140 [poisoned by a deep elf knight]
 59994 | Elf:1    | Got the Anthology of the Gathering
 59998 | Elf:1    | Identified the +6 longbow "Anoho" {speed, Int+3 Stlth+}
 60267 | Elf:1    | Found a transporter.
 60268 | Elf:1    | Found an ornate altar of the Wu Jian Council.
 60313 | Elf:2    | Paralysed by an air elemental for 1 turns
 60332 | Elf:2    | Reached skill level 16 in Armour
 60336 | Elf:2    | Reached skill level 16 in Dodging
 61196 | Elf:2    | Found a runed translucent gate.
 61197 | Elf:2    | Found a runed translucent gate.
 61198 | Elf:2    | Found a runed translucent gate.
 61266 | Elf:2    | Found an ancient bone altar of Kikubaaqudgha.
 61566 | Elf:3    | Entered Level 3 of the Elven Halls
 62045 | Elf:3    | Found a portal to a secret trove of treasure.
 62079 | Elf:3    | Found Gurphegut's Assorted Antiques.
 62110 | Elf:3    | Bought the +0 mask of the Dragon {Will+ Slay+3 SInv} for
                  | 1169 gold pieces
 62110 | Elf:3    | Found the +0 mask of the Dragon {Will+ Slay+3 SInv}
 62125 | Elf:3    | Bought a pair of embroidered gloves for 262 gold pieces
 62254 | Elf:3    | Identified the +3 rapier of Sequestration {drain, Drain
                  | rElec Will+ Int+6}
 62381 | Elf:3    | Reached skill level 17 in Long Blades
 63014 | Elf:3    | Paralysed by an air elemental for 1 turns
 63074 | Elf:3    | Identified the +1 plate armour "Ceul" {Harm rElec Stlth+}
 63151 | Elf:3    | Identified the +6 scimitar "Impbane" {vorpal, rC+ Dex+2}
 63433 | Elf:3    | Reached skill level 17 in Armour
 63439 | Elf:3    | Reached skill level 17 in Dodging
 63529 | Elf:3    | Identified the +8 flail of Seci {freeze, Int+5 Dex+6}
 63709 | Elf:3    | Reached XP level 21. HP: 144/145 MP: 22/22
 63720 | Elf:3    | Got the Incunable of Dusty Battling
 63726 | Elf:3    | Identified the +0 pair of gloves of the Thistle {rElec rC+}
 64043 | Vaults:1 | Entered Level 1 of the Vaults
 65039 | Vaults:1 | Found Gafeit's Weapon Shop.
 65469 | Vaults:1 | Reached skill level 18 in Long Blades
 65516 | Vaults:1 | HP: 73/146 [poisoned by an orc warlord]
 65521 | Vaults:1 | HP: 66/146 [poisoned by an orc warlord]
 65526 | Vaults:1 | HP: 51/146 [poisoned by an orc warlord]
 66046 | Vaults:2 | Noticed Donald
 66047 | Vaults:2 | HP: 59/146 [Donald/+1 double sword of holy wrath (18)]
 66259 | Vaults:2 | Noticed Zenata
 66275 | Vaults:1 | HP: 57/146 [Donald/+1 double sword of holy wrath (20)]
 66276 | Vaults:1 | Killed Donald
 66651 | Vaults:1 | HP: 57/146 [Zenata/+5 triple sword (19)]
 66659 | Vaults:1 | Killed Zenata
 66884 | Vaults:2 | Reached skill level 18 in Armour
 66889 | Vaults:2 | Reached skill level 18 in Dodging
 67193 | Vaults:2 | Found Pydul's Book Shoppe.
 68802 | Vaults:3 | Found a magical portal.
 68810 | WizLab   | Entered The Chambers of the Cloud Mage
 68833 | WizLab   | Paralysed by an air elemental for 1 turns
 68845 | WizLab   | Paralysed by an air elemental for 1 turns
 68846 | WizLab   | HP: 68/146 [spriggan air mage (9)]
 68860 | WizLab   | Paralysed by an air elemental for 1 turns
 68860 | WizLab   | HP: 34/146 [wind drake/the air (27)]
 68869 | WizLab   | HP: 52/146 [blizzard demon/bolt of cold (5)]
 68879 | WizLab   | HP: 51/146 [air elemental/stunning burst (4)]
 68887 | WizLab   | HP: 50/146 [apocalypse crab (3)]
 68895 | WizLab   | HP: 42/146 [air elemental/stunning burst (7)]
 68900 | WizLab   | HP: 39/146 [air elemental/stunning burst (5)]
 68901 | WizLab   | Paralysed by an air elemental for 1 turns
 69068 | WizLab   | Paralysed by an air elemental for 1 turns
 69241 | WizLab   | Reached XP level 22. HP: 152/152 MP: 23/23
 69317 | WizLab   | HP: 72/152 [poison (dark miasma)]
 69322 | WizLab   | HP: 63/152 [poison (dark miasma)]
 69327 | WizLab   | HP: 60/152 [poison (dark miasma)]
 69549 | WizLab   | HP: 75/152 [poisoned by a death drake (dark miasma)]
 69554 | WizLab   | HP: 67/152 [poisoned by a death drake (dark miasma)]
 69988 | WizLab   | Reached skill level 19 in Long Blades
 70276 | WizLab   | HP: 74/152 [Cekegis Lisu the Cloud Mage/vortex (13)]
 70457 | WizLab   | Identified the +10 quick blade "Pendulum" {vorpal, Fly
                  | rPois rF- SInv}
 70460 | WizLab   | Got the Meditations on Clouds
 70463 | WizLab   | Identified the ring "Weonwiac" {rPois rCorr Str-3 Int+6}
 70637 | Vaults:3 | Found a staircase to the Crypt.
 70754 | Vaults:3 | Reached skill level 19 in Armour
 70760 | Vaults:3 | Reached skill level 19 in Dodging
 72749 | Elf:3    | You paid a toll of 5 potions of resistance to enter a
                  | treasure trove
 72750 | Trove    | Entered a treasure trove
 72754 | Trove    | Identified the +7 tower shield of Xyimmus {Regen+ SInv}
 72756 | Trove    | Identified the +3 tower shield of Bespelled Intercession
                  | {rElec rPois Int-3}
 72758 | Trove    | Identified the +6 tower shield of Wiapac {rF+ Regen+ Str+2
                  | Dex-4}
 72763 | Trove    | Identified the +2 hat of Ignis's Benevolence {Harm rPois
                  | rC+ Dex-4}
 72766 | Trove    | Identified the +0 cloak of Ecohiwib {Will+ rCorr Dex+2}
 72768 | Trove    | Identified the +1 pair of gloves "Saempuny" {rF++ Dex-5}
 72772 | Trove    | Identified the +2 hat of Starshine {rElec rPois Will-
                  | Dex-4}
 72775 | Trove    | Identified the +6 plate armour "Gox Igos" {Harm rC+ Will+}
 73168 | Vaults:4 | Found Xerud's Armour Shop.
 73557 | Vaults:4 | Reached skill level 20 in Long Blades
 73781 | Vaults:4 | Noticed Xtahua
 73795 | Vaults:4 | Killed Xtahua
 74003 | Vaults:4 | Reached XP level 23. HP: 156/156 MP: 24/24
 74017 | Vaults:3 | Reached skill level 20 in Armour
 74033 | Vaults:4 | Reached skill level 20 in Dodging
 74659 | Vaults:5 | Entered Level 5 of the Vaults
 74889 | Depths:1 | Entered Level 1 of the Depths
 74946 | Depths:1 | Reached skill level 21 in Shields
 74977 | Depths:1 | Identified the +6 demon whip "Uceyrish" {elec, rElec rCorr
                  | MP+9 Int+2}
 75047 | Depths:1 | Found a gateway to Hell.
 75083 | Depths:1 | Found Zin's Purification Station.
 75085 | Depths:1 | Found a glowing silver altar of Zin.
 75272 | Depths:1 | Noticed Bai Suzhen
 75288 | Depths:1 | HP: 76/156 [Bai Suzhen] (3)]
 75296 | Depths:1 | Killed Bai Suzhen
 75635 | Depths:1 | Noticed Asterion
 75653 | Depths:1 | Killed Asterion
 75955 | Depths:1 | Reached skill level 22 in Shields
 75997 | Depths:1 | Found a one-way gate leading to the halls of Pandemonium.
 77075 | Depths:2 | Found Zoitak's Antique Weapon Emporium.
 77535 | Depths:2 | Found a broken altar of Ashenzari.
 77914 | Depths:3 | Reached skill level 23 in Shields
 78101 | Depths:3 | Reached XP level 24. HP: 163/163 MP: 24/24
 78178 | Depths:3 | Found an ornate altar of the Wu Jian Council.
 78608 | Depths:3 | Got the Catalogue of the Sunfish
 78623 | Depths:3 | Identified the +0 leather armour of Gozag's Hope {rElec}
 78746 | Depths:3 | Identified the +10 ring mail "Zeiloimeto" {rElec rC+ Will-}
 78857 | Depths:3 | Found a corrupted altar of Lugonu.
 78857 | Depths:3 | Found a one-way gate to the infinite horrors of the Abyss.
 78898 | Depths:3 | Gained mutation: Your magical capacity is low. (-10% MP) [a
                  | neqoxec]
 78997 | Depths:3 | Reached skill level 24 in Shields
 79149 | Depths:4 | Entered Level 4 of the Depths
 79160 | Depths:4 | Noticed Frederick
 79173 | Depths:4 | Killed Frederick
 79229 | Depths:4 | HP: 76/163 [poisoned by a green draconian monk (poison
                  | gas)]
 79234 | Depths:3 | HP: 53/163 [poisoned by a green draconian monk (poison
                  | gas)]
 79239 | Depths:3 | HP: 54/163 [poisoned by a green draconian monk (poison
                  | gas)]
 79302 | Depths:3 | HP: 81/163 [fire dragon/blast of flame (9)]
 79307 | Depths:3 | HP: 56/163 [poisoned by a green draconian monk (poison
                  | gas)]
 79312 | Depths:3 | HP: 46/163 [poisoned by a green draconian monk (poison
                  | gas)]
 79317 | Depths:3 | HP: 51/163 [poisoned by a green draconian monk (poison
                  | gas)]
 79564 | Depths:4 | Noticed Parghit
 79629 | Depths:3 | HP: 76/163 [Parghit/large rock (31)]
 80104 | Depths:4 | Found a gate to the Realm of Zot.
 80130 | Depths:4 | Reached skill level 25 in Shields
 80398 | Depths:4 | Found a one-way gateway to a ziggurat.
 80484 | Depths:4 | Found a stormy altar of Qazlal.
 80824 | D:15     | Bought a brightly glowing falchion for 232 gold pieces
 80824 | D:15     | Identified the +11 falchion of Ohoimoun {freeze, *Corrode
                  | rElec Dex+6 SInv} (You bought it in a shop on level 15 of
                  | the Dungeon)
 80852 | D:15     | Bought a smoking ivory ring for 140 gold pieces
 80852 | D:15     | Identified the ring of Greed {rF+ Str+3 Int+6} (You bought
                  | it in a shop on level 15 of the Dungeon)
 80852 | D:15     | Bought a twitching ruby amulet for 140 gold pieces
 80852 | D:15     | Identified the amulet "Osuwanech" {Acrobat rN+ Int+3} (You
                  | bought it in a shop on level 15 of the Dungeon)
 80856 | D:15     | Bought a scroll of blinking for 180 gold pieces
 80856 | D:15     | Bought a scroll of enchant weapon for 180 gold pieces
 80856 | D:15     | Bought a scroll of enchant armour for 180 gold pieces
 81145 | Vaults:5 | Found the necklace of Bloodlust {*Rage Will++ Int-3 Slay+6}
 81211 | Vaults:5 | Got the Incunabulum of Venomous Concussion
 81414 | Vaults:5 | Reached XP level 25. HP: 169/169 MP: 21/21
 81415 | Vaults:5 | Identified the +3 quarterstaff of the Ecumenical Temple
                  | {spect, Dex+4}
 81828 | Vaults:5 | Found Agex's Distillery.
 81835 | Vaults:5 | Bought a potion of heal wounds for 70 gold pieces
 81930 | Vaults:5 | Identified the ring "Orucegih" {rC+ rN+ rCorr}
 81932 | Vaults:5 | Noticed a dread lich
 82014 | Vaults:5 | Identified the +2 hand axe of Ziaggoi {protect, *Slow Fly
                  | rPois Int+3}
 82152 | Vaults:5 | Reached skill level 21 in Armour
 82158 | Vaults:5 | Reached skill level 21 in Dodging
 82293 | Vaults:5 | Killed a dread lich
 82308 | Vaults:5 | Reached skill level 21 in Fighting
 82575 | Vaults:5 | Identified the +4 short sword "Beast's Death" {vorpal,
                  | Int+5}
 82586 | Vaults:5 | Identified the ring "Cecic" {Fly rElec rC- rN+++}
 82646 | Vaults:5 | Got a silver rune of Zot
 82753 | Vaults:5 | Got the Quarto of Metamorphic Shadows
 82762 | Vaults:5 | Identified the ring "Unteyrige" {Fly rCorr}
 82785 | Vaults:5 | Noticed a juggernaut
 82791 | Vaults:5 | a juggernaut changed into an iron dragon
 83782 | Snake:3  | Bought the ring "Utosuma" {Contam rF+ Str+6 Int+6 Slay+3}
                  | for 974 gold pieces
 84126 | Depths:3 | Killed Parghit
 84211 | Zot:1    | Entered Level 1 of the Realm of Zot
 84559 | Zot:1    | Identified the +1 scale mail of Vaimmosm {Contam Rampage
                  | rElec Stlth+}
 84632 | Zot:1    | Noticed an orb of fire
 84642 | Zot:1    | Killed an orb of fire
 84821 | Zot:1    | HP: 78/172 [purple draconian/bolt of dispelling energy[a
                  | green draconian monk] (37)]
 85079 | Zot:1    | Reached XP level 26. HP: 145/177 MP: 21/21
 85501 | Zot:2    | Reached skill level 22 in Armour
 85568 | Zot:1    | Reached skill level 22 in Dodging
 85872 | Zot:2    | Noticed a Killer Klown
 85895 | Zot:2    | Killed a Killer Klown
 85906 | Zot:2    | HP: 58/179 [??? (45)]
 85911 | Zot:2    | HP: 37/179 [??? (27)]
 85996 | Zot:2    | Noticed a Killer Klown
 86030 | Zot:2    | Killed a Killer Klown
 86158 | Zot:2    | Reached skill level 22 in Fighting
 86223 | Zot:2    | Found a shimmering altar of Xom.
 86227 | Zot:2    | Found a shimmering altar of Xom.
 86227 | Zot:2    | Found a shimmering altar of Xom.
 86227 | Zot:2    | Found a glowing silver altar of Zin.
 86364 | Zot:2    | Found a shimmering altar of Xom.
 86364 | Zot:2    | Found a shimmering altar of Xom.
 86364 | Zot:2    | Found a shimmering altar of Xom.
 86509 | Zot:2    | Noticed an orb of fire
 86532 | Zot:2    | Killed an orb of fire
 86663 | Zot:2    | HP: 84/180 [yellow draconian annihilator/glob of acid (12)]
 86674 | Zot:2    | HP: 88/180 [yellow draconian annihilator/bolt of lightning
                  | (9)]
 86681 | Zot:2    | HP: 90/180 [green draconian monk (10)]
 86809 | Zot:2    | Identified the ring of Foilet {Wiz rPois}
 86809 | Zot:2    | Identified the +9 broad axe of Emiat {antimagic, rElec
                  | rPois rC-}
 87021 | Zot:3    | Noticed an ancient lich
 87088 | Zot:3    | Killed an ancient lich
 87315 | Zot:3    | Identified the +2 trident "Myif" {vorpal, Int+4}
 87408 | Zot:3    | Reached skill level 23 in Armour
 87462 | Zot:3    | Reached skill level 23 in Dodging
 87544 | Zot:3    | You are sucked into a shaft and drop 1 floor!
 87544 | Zot:4    | Found a transporter.
 87845 | Zot:4    | HP: 57/180 [??? (44)]
 88057 | Zot:3    | Reached XP level 27. HP: 186/186 MP: 21/21
 88870 | Zot:5    | Entered Level 5 of the Realm of Zot
 89007 | Zot:4    | Reached skill level 23 in Fighting
 89032 | Zot:4    | Found a transporter.
 89660 | Zot:5    | Noticed an ancient lich
 89673 | Zot:5    | Killed an ancient lich
 89701 | Zot:5    | Noticed an orb of fire
 89703 | Zot:5    | Noticed a dread lich
 89721 | Zot:5    | Noticed an orb of fire
 89723 | Zot:5    | Noticed an orb of fire
 89733 | Zot:5    | Noticed an orb of fire
 89751 | Zot:5    | Killed an orb of fire
 89761 | Zot:5    | Killed an orb of fire
 89774 | Zot:5    | Reached skill level 24 in Armour
 89802 | Zot:5    | Reached skill level 24 in Dodging
 89854 | Zot:5    | Noticed an orb of fire
 89854 | Zot:5    | Noticed an ancient lich
 89855 | Zot:5    | Noticed an orb of fire
 89860 | Zot:5    | Noticed an orb of fire
 89869 | Zot:5    | Killed an orb of fire
 89872 | Zot:5    | Killed an ancient lich
 89888 | Zot:5    | Gained mutation: Your body sometimes deteriorates upon
                  | taking damage. [an orb of fire]
 89891 | Zot:5    | Gained mutation: You are vulnerable to heat. (rF-) [an orb
                  | of fire]
 89893 | Zot:5    | Gained mutation: You occasionally lose the ability to drink
                  | potions when taking damage. [an orb of fire]
 89898 | Zot:5    | Gained mutation: You are frail. (-10% HP) [an orb of fire]
 89900 | Zot:5    | Killed an orb of fire
 89901 | Zot:5    | Gained mutation: Your magical capacity is very low. (-20%
                  | MP) [an orb of fire]
 89918 | Zot:5    | Gained mutation: Your body often deteriorates upon taking
                  | damage. [an orb of fire]
 89919 | Zot:5    | Killed an orb of fire
 89966 | Zot:5    | Noticed a dread lich
 89976 | Zot:5    | Killed a dread lich
 90055 | Zot:5    | Noticed a dread lich
 90236 | Zot:5    | Got the Orb of Zot
 90367 | Zot:4    | Noticed Seilo the pandemonium lord
 90644 | Depths:2 | Noticed Yxatzacw the pandemonium lord
 90759 | D:13     | Noticed Giyganoi the pandemonium lord
 90857 | D:7      | Identified the +5 short sword of Youthful Indiscretion
                  | {holy, rC- rN+ Int+7 Stlth+}
 90859 | D:7      | Identified the ring of Equivalence {EV+4 Str+2}
 91054 | D:1      | Noticed Nezoenor the pandemonium lord
 91078 | D:$      | Escaped with the Orb!

Illustrated notes

Levels and vault maps discovered:
D:1:      psy_arrival_dodecagon, layout_basic, serial_shops,
          nicolae_diamond_shop, dreamdust_ecumenical_altar_angels_and_demons
D:2:      layout_basic, serial_forest, infiniplex_forest_straight_4,
          infiniplex_forest_lined_3, infiniplex_forest_straight_3,
          infiniplex_forest_clump_tiny, infiniplex_forest_end_2,
          infiniplex_forest_lined_corner, infiniplex_forest_end_2,
          infiniplex_forest_lined_room_3, infiniplex_forest_corner_1,
          infiniplex_forest_lined_room_2, basic_altar,
          chequers_decorated_corner, minmay_fractal_squares_gapless_5
D:3:      layout_basic, minmay_misc_feat_cross, kennysheep_small_spiral,
          hex_intersection
D:4:      layout_cave_pools, chequers_serial_rivers_large_b
D:5:      black_bear_nest_2, layout_basic, mainiacjoe_overflow_chevrons,
          minmay_temple_entry_antechambers
D:6:      layout_basic, kennysheep_mini_moat,
          chequers_temple_overflow_minitemple, moated_statue
D:7:      nzn_winding_woodlands_large [nzn_winding_woodlands_5x5_open_star,
          nzn_winding_woodlands_5x15_zeroes,
          nzn_winding_woodlands_5x5_perimeter,
          nzn_winding_woodlands_center_garden,
          nzn_winding_woodlands_15x15_five_gardens,
          nzn_winding_woodlands_center_diamonds,
          nzn_winding_woodlands_5x5_three, nzn_winding_woodlands_5x15_jagged,
          nzn_winding_woodlands_5x5_closed_star], layout_loops_ring
D:8:      layout_basic, erik_lair_orcish_takeover
D:9:      layout_irregular_city, vehumet_statue, okawaru_gym_becter
D:10:     gammafunk_boulding_lane, layout_basic, overflow_temple_1_default
D:11:     layout_loops_corners, zombieorc2_lemuel, uniq_snorg
D:12:     layout_roguey [special_room_bee], serial_shops, shop, minivault_8
D:13:     statuecave_lemuel, layout_cave_pools, david_vaults_1
D:14:     layout_roguey, ebering_ghost_disaster_area, serial_park_tiny_2
D:15:     grunt_enter_depths_hoard, layout_irregular_city, nrook_mini_backslash,
          uniq_rupert
Temple:   eino_narrow_crystal_temple
Lair:1:   layout_gridlike, infiniplex_staircase_pool_2, grunt_megastairs_5,
          lemuel_fruit_tree, uniq_maggie
Lair:2:   layout_gridlike, shoals_dummy_entry, minmay_snake_entry_six_corridors,
          minmay_stone_trees_medium
Lair:3:   layout_gridlike, uniq_nessos, uniq_kirke, uniq_josephine
Lair:4:   layout_cave_shapes, minmay_slime_entry_jelly_boxes
Lair:5:   grunt_lair_end_beastmaster, layout_gridlike, serial_bayou_lagoon_a,
          hellmonk_guarded_unrand_seven_league_boots
Shoals:1: layout_shoals, portal_ice_cave_entry_ice_simulacra, serial_shops,
          nicolae_shop_hallway_plus
Shoals:2: layout_shoals, nicolae_shoals_goliath_grotto
Shoals:3: layout_shoals, serial_nicolae_subway, nicolae_sub_station_metal,
          nicolae_sub_station_stone, nicolae_sub_station_crystal
Shoals:4: shoals_end_simple, layout_shoals,
          nicolae_shoals_siren_and_animal_friends
Snake:1:  layout_rooms, uniq_jorgrun, uniq_agnes
Snake:2:  layout_layer_cave, nicolae_snake_salamander_fort,
          serial_bayou_shore_a, serial_bayou_shore_b
Snake:3:  layout_rooms, minmay_shop_grove, grunt_megastairs_4
Snake:4:  snake_pit_salamanders_mu, layout_gridlike, serial_shops, shop, shop,
          nicolae_shop_trees, nicolae_shop_overgrown_old_shop,
          nicolae_shop_behind_doors, nicolae_snake_dead_anacondas,
          minmay_shop_star, uniq_roxanne, uniq_saint_roka
Orc:1:    minmay_goldmine, layout_caves
Orc:2:    pubby_orc_utopia, uniq_maurice
Elf:1:    dreamdust_wu_jian_sword_trials, layout_rooms, minmay_elf_demonology
Elf:2:    elven_hall_of_blades_hangedman_original
          [nicolae_blade_entry_diamond_columns], layout_rooms, basic_altar
Elf:3:    grunt_elf_hall_spiral, layout_gridlike, enter_trove_1, serial_shops,
          nicolae_shop_overgrown_old_shop
Vaults:1: hangedman_vaults_hard_town_square, vaults_mumra_chevron,
          vaults_room_grunt_arrival_checkpoint, hangedman_vaults_corner,
          v_misc_31, v_alt_pattern_4, vaults_dpeg_ring,
          nicolae_vaults_rhombus_5, nicolae_vaults_border_crossing,
          layout_vaults_omnigrid, serial_shops,
          nicolae_shop_bloodbath_and_beyond
Vaults:2: v_misc_30, ontoclasm_vaults_bender, nicolae_vaults_statue_guard,
          v_rooms_3, vaults_mumra_minichess, hangedman_vaults_maws,
          nicolae_vaults_ring_of_whatevers, nicolae_vaults_theta,
          vaults_dpeg_emergency_exit, nicolae_vaults_what_the_h, v_misc_3,
          vaults_dpeg_encased_lava, layout_vaults_big_room, serial_shops,
          nicolae_shop_waterfront, uniq_zenata, uniq_donald
Vaults:3: infiniplex_enter_wizlab_spiral, nicolae_vaults_arrows,
          nicolae_vaults_diagonal_hallway_9, vaults_standard_mumra_x,
          grunt_vaults_swirl, nicolae_vaults_rhombus_6,
          grunt_vaults_hallway_short, v_alt_pattern_1, v_misc_5, v_misc_3,
          v_misc_15, nicolae_vaults_diagonal_hallway_6, layout_vaults_big_cross
Vaults:4: hangedman_vaults_maws, nicolae_vaults_puzzle_piece,
          nicolae_vaults_network_s, nicolae_vaults_big_ls, vaults_mumra_hex,
          nicolae_vaults_alarming, ontoclasm_vaults_ligature,
          nicolae_vaults_little_squares_4, grunt_vaults_diagonal, v_misc_8,
          nicolae_vaults_know_your_exits, vaults_room_semicircle,
          grunt_vaults_focal, layout_vaults_maze_bifur, serial_shops, shop,
          uniq_xtahua
Vaults:5
Depths:1: layout_gridlike, hellmouth_1, rand_demon_pan_entry_4,
          hangedman_abyss_or_decor_passed, zin_purify, uniq_bai_suzhen,
          uniq_asterion
Depths:2: nicolae_BIG_FREAKIN_CUBE, layout_basic, grunt_hell_entry_dis_old,
          nicolae_ashenzari_skybound, serial_shops, nicolae_square_shop,
          pan_entry, serial_bayou_shore_b
Depths:3: minmay_the_grid_four_pointed_star
          [minmay_the_grid_triangle_9x9_limited_checkers,
          minmay_the_grid_triangle_9x9_stretched_checkered,
          minmay_the_grid_triangle_9x9_empty,
          minmay_the_grid_triangle_9x9_thin_v,
          minmay_the_grid_prize_shrinking_boxes], layout_cave_pools,
          abyss_entry_flame_altar, pdpol_wu_jian_five_deadly_venoms,
          grunt_pan_entry_zigzag, hell_entry, minislime_mu
Depths:4: grunt_x_marks_the_spot, layout_basic, enter_ziggurat_a,
          rand_demon_pan_entry_5, hell_entry, minmay_strange_pillars,
          nicolae_qazlal_general_emergency, uniq_frederick, uniq_parghit
Zot:1:    layout_gridlike
Zot:2:    dreamdust_zin_vs_xom, layout_onion_interference,
          hangedman_snake_sidewinding
Zot:3:    ebering_greatest_show_in_zot, layout_misc_corridors
Zot:4:    gammafunk_dig_for_victory, layout_concentric_octagons, uniq_josephina
Zot:5:    layout_basic

Skill      XL: |  1  2  3  4  5  6  7  8  9 10 11 12 13 14 15 16 17 18 19 20 21 22 23 24 25 26 27 |
---------------+----------------------------------------------------------------------------------+-----
Long Blades    | 3 4 5 6 8 9 12 14 16 17 18 20 | 20.0
Dodging        | 3 6 8 12 14 15 17 18 19 20 21 23 24 | 24.4
Fighting       | 4 6 8 10 11 13 15 16 18 20 21 22 23 | 23.8
Shields        | 4 6 8 10 11 15 18 20 23 25 | 25.3
Armour         | 6 10 13 15 17 18 19 20 21 23 24 | 24.4

Action                   |  1- 3 |  4- 6 |  7- 9 | 10-12 | 13-15 | 16-18 | 19-21 | 22-24 | 25-27 || total
-------------------------+-------+-------+-------+-------+-------+-------+-------+-------+-------++-------
Melee: Long sword        |    77 |   180 |   270 |   168 |       |       |       |       |       ||   695
       Kick              |    17 |    46 |    94 |   376 |   866 |  1162 |  1216 |  1105 |  1166 ||  6048
       Peck              |    13 |    28 |    60 |   231 |   597 |   753 |   752 |   687 |   721 ||  3842
       Dagger            |       |       |       |    67 |   207 |       |       |       |       ||   274
       Falchion          |       |       |       |   792 |  1603 |  2488 |  1202 |   141 |  1835 ||  8061
       Short sword       |       |       |       |       |    28 |       |       |       |       ||    28
       Scimitar          |       |       |       |       |       |     4 |   632 |  1689 |       ||  2325
       Rapier            |       |       |       |       |       |       |   537 |       |       ||   537
Throw: Throwing net      |       |       |       |       |     1 |       |     1 |       |       ||     2
Invok: Call Merchant     |       |       |       |       |       |       |       |     8 |       ||     8
       Bribe Branch      |       |       |       |       |       |       |       |       |     4 ||     4
       Potion Petition   |       |       |       |       |       |       |       |       |     1 ||     1
Evoke: Wand              |       |       |     2 |       |    33 |    26 |     7 |     3 |       ||    71
       Phantom mirror    |       |       |       |     1 |     1 |     2 |       |     2 |       ||     6
  Use: Potion            |       |       |     2 |     2 |       |     5 |    10 |     4 |     7 ||    30
       Scroll            |       |       |       |    11 |    12 |    12 |    15 |    10 |     2 ||    62
 Stab: Distracted        |       |       |       |     7 |    10 |    24 |    16 |    28 |    25 ||   110
       Petrified         |       |       |       |       |     5 |       |       |       |       ||     5
       Held in net/web   |       |       |       |       |       |       |     2 |       |       ||     2
       Invisible         |       |       |       |       |       |       |     6 |       |       ||     6
Armor: Scale mail        |    18 |       |       |       |       |       |       |       |       ||    18
       Ring mail         |     4 |    49 |    55 |   114 |   258 |    23 |       |       |       ||   503
       Plate armour      |       |       |       |       |       |   422 |   313 |       |       ||   735
       Crystal plate arm |       |       |       |       |       |       |   165 |   428 |    84 ||   677
       Gold dragon scale |       |       |       |       |       |       |       |       |   232 ||   232
Dodge: Dodged            |    32 |    96 |   127 |   545 |  1004 |   671 |   513 |   421 |   523 ||  3932
Block: Buckler           |    16 |    33 |    50 |   211 |   492 |   389 |       |       |       ||  1191
       Reflection        |       |       |       |       |    13 |   145 |   126 |    38 |       ||   322
       Kite shield       |       |       |       |       |       |  1342 |  1956 |   314 |       ||  3612
       Tower shield      |       |       |       |       |       |       |       |  1488 |  1734 ||  3222

Table legend: (Time is in decaauts)
 A = Elapsed time spent in this place.
 B = Non-inter-level travel time spent in this place.
 C = Inter-level travel time spent in this place.
 D = Time resting spent in this place.
 E = Time spent auto-exploring this place.
 F = Levels seen in this place.
 G = Mean time per level.
                   A        B        C        D        E       F      G
               +--------+--------+--------+--------+--------+-----+--------+
         Total |  83089 |  76045 |   7044 |  10680 |  45852 |  53 | 1567.7 |
       Dungeon |  21138 |  18483 |   2655 |   2139 |  12145 |  15 | 1409.2 |
        Temple |    244 |    199 |     45 |      0 |    187 |   1 |  244.0 |
          Lair |   8586 |   7903 |    683 |   1108 |   4944 |   5 | 1717.2 |
        Shoals |   9046 |   8846 |    200 |   2039 |   4822 |   4 | 2261.5 |
     Snake Pit |  11644 |  11124 |    520 |   1703 |   7074 |   4 | 2911.0 |
  Orcish Mines |   3938 |   3462 |    476 |    368 |   2234 |   2 | 1969.0 |
   Elven Halls |   4873 |   4484 |    389 |   1098 |   2108 |   3 | 1624.3 |
        Vaults |   9716 |   8995 |    721 |    786 |   5449 |   5 | 1943.2 |
        Depths |   5325 |   4609 |    716 |    243 |   2953 |   4 | 1331.2 |
           Zot |   5405 |   4772 |    633 |    243 |   2650 |   5 | 1081.0 |
         Abyss |    355 |    355 |      0 |     83 |      7 |   2 |  177.5 |
         Trove |     46 |     46 |      0 |      0 |      2 |   1 |   46.0 |
      Ice Cave |   1108 |   1108 |      0 |      8 |    768 |   1 | 1108.0 |
        Wizlab |   1658 |   1658 |      0 |    857 |    503 |   1 | 1658.0 |
               +--------+--------+--------+--------+--------+-----+--------+

Top non-repeatable levels by time:
 Snake:4: 3842 daAuts
   Orc:2: 2978 daAuts
 Snake:2: 2890 daAuts
Vaults:1: 2732 daAuts
 Snake:1: 2678 daAuts
  Lair:5: 2674 daAuts
Shoals:4: 2618 daAuts
Shoals:2: 2415 daAuts
Vaults:3: 2396 daAuts
Shoals:3: 2271 daAuts
 Snake:3: 2233 daAuts
    D:12: 2158 daAuts
    D:14: 2011 daAuts
   Elf:3: 1983 daAuts
    D:15: 1929 daAuts
